 Dungeon Crawl Stone Soup version 0.21-a0-426-g98080a9 (webtiles) character file.

617015 Gorice the Tortoise (level 26, -8/205 HPs)
             Began as a Demonspawn Wanderer on Nov 1, 2017.
             Was the Champion of Yredelemnul.
             Killed from afar by a green draconian annihilator (38 damage)
             ... with a crystal spear
             ... on level 4 of the Realm of Zot on Nov 5, 2017.
             The game lasted 09:07:57 (64647 turns).

Gorice the Tortoise (Demonspawn Wanderer)          Turns: 64647, Time: 09:07:58

Health: -8/205     AC: 52    Str: 19    XL:     26   Next: 40%
Magic:  0/38       EV: 20    Int: 16    God:    Yredelemnul [******]
Gold:   6143       SH:  0    Dex: 22    Spells: 37/47 levels left

rFire    + + .     SeeInvis +   a - +7 great mace "Undeadhunter" {disrupt, rN+}
rCold    . . .     Gourm    .   (shield currently unavailable)
rNeg     + + +     Faith    .   G - +11 plate armour of Pehoegh {+Inv rElec rCorr Str-5}
rPois    +         Spirit   +   u - +3 crown of Dyrovepreva {rElec Int+2 SInv}
rElec    +         Reflect  .   q - +2 cloak {MR+}
rCorr    +         Harm     +   K - +2 pair of gloves of Sunlight {Int-2 Dex+3 Slay+3}
MR       ++...                  (boots unavailable)
Stlth    ..........             g - amulet of Codghym {Harm *Drain rN++}
HPRegen  0.44/turn              N - ring "Meix" {rPois rF+ Str+4 Dex+4 Stlth+}
MPRegen  0.52/turn              B - +5 ring of evasion

@: sanguine armour
A: hooves 3, fire resistance 1, hurl damnation, powered by death 3, magic
shield, magic regeneration, magic link, flame cloud immunity, sanguine armour 3
}: 4/15 runes: barnacled, slimy, silver, gossamer
a: Hurl Damnation, Recall Undead Slaves, Injury Mirror, Animate Dead, Drain
Life, Enslave Soul, Renounce Religion, Evoke Invisibility


You were on level 4 of the Realm of Zot.
You worshipped Yredelemnul.
Yredelemnul was exalted by your worship.
You were hungry.

You visited 12 branches of the dungeon, and saw 57 of its levels.
You also visited: Labyrinth and Sewer.

You collected 8129 gold pieces.
You spent 1986 gold pieces at shops.

Inventory:

Hand Weapons
 a - the +7 great mace "Undeadhunter" (weapon) {disrupt, rN+}
   (You took it off a minotaur in a labyrinth)

   It protects you from negative energy.
 b - the +2 arbalest of Akloshrya {flame, Dex+2}
   (You took it off Donald on level 3 of the Elven Halls)

   It causes projectiles fired from it to burn those they strike, causing extra
   injury to most foes and up to half again as much damage against particularly
   susceptible opponents.
   It affects your dexterity (+2).
Missiles
 h - 2155 bolts
 Z - 14 throwing nets (quivered) {!f}
Armour
 q - a +2 cloak of magic resistance (worn)
   (You found it on level 1 of the Realm of Zot)
 u - the +3 crown of Dyrovepreva (worn) {rElec Int+2 SInv}
   (You found it on level 10 of the Dungeon)

   It affects your intelligence (+2).
   It insulates you from electricity.
   It lets you see invisible.
 G - the +11 plate armour of Pehoegh (worn) {+Inv rElec rCorr Str-5}
   (You found it on level 6 of the Lair of Beasts)

   It affects your strength (-5).
   It insulates you from electricity.
   It lets you turn invisible.
   It protects you from acid and corrosion.
 K - the +2 pair of gloves of Sunlight (worn) {Int-2 Dex+3 Slay+3}
   (You found it on level 5 of the Dungeon)

   It affects your intelligence (-2).
   It affects your dexterity (+3).
   It affects your accuracy and damage with ranged weapons and melee attacks
   (+3).
Jewellery
 f - an uncursed ring of protection from fire
 g - the amulet of Codghym (around neck) {Harm *Drain rN++}
   (You bought it in a shop on level 12 of the Dungeon)

   [amulet of harm]

   It increases damage dealt and taken.
   It greatly protects you from negative energy.
   It causes draining when unequipped.
 s - the ring of Mobror {rPois rC+ rN+ Int+4}
   (You found it on level 5 of the Pits of Slime)

   [ring of poison resistance]

   It affects your intelligence (+4).
   It protects you from cold.
   It protects you from poison.
   It protects you from negative energy.
 B - a +5 ring of evasion (right hand)
 E - an uncursed ring of protection from magic
 F - an uncursed ring of flight
 N - the ring "Meix" (left hand) {rPois rF+ Str+4 Dex+4 Stlth+}
   (You bought it in a shop on level 12 of the Dungeon)

   [ring of poison resistance]

   It affects your strength (+4).
   It affects your dexterity (+4).
   It protects you from fire.
   It protects you from poison.
   It makes you more stealthy.
Wands
 d - a wand of acid (9/15)
 j - a wand of digging (8/24)
 l - a wand of paralysis (14/24)
 p - a wand of scattershot (4/9)
 t - a wand of enslavement (14/24)
 w - a wand of disintegration (10/24)
 H - a wand of digging (12/24)
 P - a wand of lightning (8/15)
 W - a wand of iceblast (7/15)
Scrolls
 e - 28 scrolls of teleportation {!r}
 i - 11 scrolls of remove curse
 m - a scroll of enchant armour
 r - 14 scrolls of fog
 x - 7 scrolls of fear {!r}
 y - 3 scrolls of recharging
 J - 4 scrolls of silence {!r}
 Q - 2 scrolls of blinking
 R - 2 scrolls of summoning {!r}
 S - 16 scrolls of identify
 T - 10 scrolls of magic mapping {!r}
Potions
 k - a potion of resistance {!q}
 o - 6 potions of haste {!q}
 v - 6 potions of agility {!q}
 z - 6 potions of might {!q}
 A - 6 potions of heal wounds {!q}
 C - 3 potions of berserk rage
 D - 6 potions of cancellation {!q}
 I - 8 potions of brilliance {!q}
 L - 18 potions of curing
 M - 6 potions of mutation {!q}
 U - 3 potions of magic {!q}
Miscellaneous
 n - 5 boxes of beasts
 V - a lamp of fire
Comestibles
 c - 14 royal jellies
 O - a fruit
 X - a bread ration {!e}
 Y - 2 chunks of flesh


   Skills:
 - Level 16.3 Fighting
 - Level 20.0 Maces & Flails
 - Level 18.1 Crossbows
 + Level 20.1 Armour
 - Level 12.2 Dodging
 - Level 1.0 Stealth
 + Level 11.0 Spellcasting
 - Level 10.1 Hexes
 + Level 6.1 Charms
 + Level 6.7 Summonings
 + Level 7.4 Necromancy
 - Level 9.1 Translocations
 - Level 10.1 Invocations
 - Level 10.0 Evocations


You had 37 spell levels left.
You knew the following spells:

 Your Spells              Type           Power        Failure   Level  Hunger
p - Portal Projectile     Hex/Tloc       #####.       3%          3    None
A - Apportation           Tloc           #####.       1%          1    None
B - Summon Butterflies    Summ           ####....     4%          1    None
J - Blink                 Tloc           N/A          2%          2    None
R - Regeneration          Chrm/Necr      ####......   12%         3    None


Dungeon Overview and Level Annotations

Branches:
Dungeon (15/15)            Temple (1/1) D:6            Lair (6/6) D:11
 Shoals (4/4) Lair:4       Spider (4/4) Lair:4        Slime (5/5) Lair:5
    Orc (2/2) D:12            Elf (3/3) Orc:2        Vaults (5/5) D:14
  Crypt (3/3) Vaults:2       Tomb (0/3) Crypt:3      Depths (5/5) D:15
    Zot (4/5) Depths:5

Altars:
Ashenzari
Cheibriados
Dithmenos
Elyvilon
Fedhas
Gozag
Hepliaklqana
Kikubaaqudgha
Makhleb
Nemelex Xobeh
Okawaru
Qazlal
Ru
Sif Muna
Trog
Uskayaw
Vehumet
Wu Jian
Xom
Yredelemnul
Zin
The Shining One
Beogh
Jiyva

Shops:
D:10 (   D:12 =   Orc:2 [([(   Elf:1 ([%   Shoals:2 !!?   Vaults:3 *=%*?
Vaults:4 (   Depths:2 }}==

Portals:
Hell: Depths:1 Depths:2 Depths:3 Depths:4 Depths:5
Abyss: Depths:4
Pandemonium: Depths:3 Depths:4 Depths:5
Ziggurat: Depths:1


Innate Abilities, Weirdness & Mutations

You have hooves in place of feet.
Your flesh is heat resistant. (rF+)
You can hurl damnation.
You regenerate a lot of health from kills.
When hurt, damage is shared between your health and your magic reserves.
You regenerate magic rapidly.
When low on magic, you restore magic in place of health.
You are immune to clouds of flame.
When seriously injured, your bleeding wounds create very thick armour. (AC +12)


Message History

The searing blast hits you! You resist.
* * * LOW HITPOINT WARNING * * *
Damage: 5 (max 42)
You feel sick.
The red draconian knight hits you but does no damage.
Damage: 1 (max 42)
The red draconian knight gestures at you while chanting.
The shard of ice hits you!
* * * LOW HITPOINT WARNING * * *
Damage: 2 (max 42)
The green draconian annihilator points at you and mumbles some strange words.
The red draconian knight blocks the iron shot.
You feel sick.
You are no longer poisoned.
Damage: 1 (max 42)
You draw life from your surroundings.
You draw life from the red draconian knight.
The red draconian knight is almost dead.
You feel life flooding into your body.
You are feeling hungry.
The red draconian knight casts a spell at you.
The shard of ice hits you!
* * * LOW HITPOINT WARNING * * *
Damage: 19 (max 42) Unknown command.
Unknown command.
Unknown command.
You hit the red draconian knight but do no damage.
The red draconian knight is almost dead.
The red draconian knight hits you but does no damage.
Really quaff
A - 7 potions of heal wounds {!q}?
You feel much better.
The red draconian knight hits you but does no damage.
Unknown command.
Unknown command.
Unknown command.
Unknown command.
You bludgeon the red draconian knight!!
You kill the red draconian knight!
Yredelemnul accepts your kill.
Your Spellcasting skill increases to level 11!
You hit the green draconian annihilator.
You kick the green draconian annihilator.
The green draconian annihilator is lightly wounded.
You closely miss the green draconian annihilator.
The green draconian annihilator is lightly wounded.
The green draconian annihilator points at you and mumbles some strange words.
The crystal spear hits you!
You die...
Your body rises from the dead as a mindless zombie.

..###...###...##.########.....#.#
### ##### ####...# #.......#
..###...###...##.##### #.......#
...#..(..#.....#.....# ####....#
...'.()..#.....#....)##### #....#
...#.....#.....#.........# #...)#
..###...###...##.........# #....≈
### ##### ####dq.........###.≈≈≈≈
..###...###...##@....######≈.≈...
...#.....#§qd..#.....# ##≈≈....≈
..#.....#.d...##....####.....≈≈≈
.#.....#.)...###...........>≈..
#.# #.#...## #.#.###.[...Z≈.# #
#.#####.##### #.#...#.#.##.#.#
..#ddq........# #.#.###.#.##.#.#
(((.%...#....(# #.#.# #.#.##.#."
.Z......#.....####.#.# #.#.##.#..


You could see a green draconian and a green draconian annihilator.

Vanquished Creatures
  the Royal Jelly (Slime:5)
  2 juggernauts
  Xtahua (Depths:3)
  A caustic shrike (Depths:4)
  2 curse toes (Zot:4)
  A bone dragon (Crypt:3)
  5 golden dragons
  Jory (Vaults:3)
  A profane servitor (Crypt:3)
  2 electric golems
  14 tentacled monstrosities
  2 titans (Vaults:5)
  7 quicksilver dragons
  4 liches
  2 sphinxes (Vaults:5)
  8 acid blobs
  7 death cobs
  A kraken (Shoals:4)
  3 ancient champions (Crypt:2)
  13 shadow dragons
  8 draconian monks
  A nagaraja (Depths:1)
  14 storm dragons
  A tengu reaver (Depths:1)
  4 fire giants
  5 frost giants
  6 deep elf sorcerers
  6 draconian scorchers
  5 vault wardens
  5 azure jellies (Slime:5)
  5 emperor scorpions
  10 draconian knights
  An orc warlord (Orc:2)
  3 ghost moths (Spider:4)
  An iron dragon (Vaults:5)
  The ghost of Jm2c the Severer, a journeyman DDNe of Makhleb (Orc:2)
  4 draconian shifters
  4 draconian annihilators
  9 draconian stormcallers
  A spriggan defender (Depths:4)
  A reaper (Depths:4)
  8 ironheart preservers
  6 very ugly things
  3 deep elf elementalists (Elf:3)
  15 stone giants
  7 vampire knights
  5 deep elf demonologists
  A war gargoyle (Vaults:5)
  13 green draconians
  2 deep elf annihilators (Elf:3)
  5 black draconians
  5 red draconians
  8 white draconians
  6 purple draconians
  8 yellow draconians
  9 spark wasps
  6 deep elf death magi
  10 ettins
  An eidolon (Crypt:2)
  13 jiangshi
  6 death oozes (Slime:5)
  A minotaur (Lab)
  A deep elf high priest (Elf:3)
  6 fire dragons
  2 merfolk impalers
  12 ogre magi
  Harold (Lair:1)
  6 yaktaur captains
  6 great orbs of eyes
  10 ice dragons
  2 rakshasas (Depths:3)
  An anaconda (Depths:1)
  A naga warrior (Depths:1)
  9 hydras
  2 catoblepae
  7 vault guards
  2 centaur warriors
  36 two-headed ogres
  A death knight (Crypt:3)
  7 tengu warriors
  8 deep troll earth magi
  5 deep troll shamans
  11 dancing weapons
  5 death yaks
  4 spriggan berserkers
  An orc high priest (Orc:2)
  2 vampire magi
  5 deep elf knights
  19 skeletal warriors
  A large abomination (Crypt:3)
  2 shadow wraiths (Crypt:3)
  A sea snake (shapeshifter) (Elf:1)
  A fire crab (shapeshifter) (Vaults:3)
  17 deep trolls
  5 unseen horrors
  3 hell knights
  An infernal demonspawn (Depths:4)
  2 glowing orange brains
  7 wizards
  4 flayed ghosts
  3 sea snakes
  3 phantasmal warriors
  6 deep elf archers
  A lindwurm (Depths:1)
  6 necromancers
  9 ironbrand convokers
  A wolf spider zombie (D:15)
  An iron dragon zombie (Crypt:1)
  4 tengu skeletons (Vaults:2)
  2 orb spiders
  6 orc knights
  4 harpies
  9 wolf spiders
  28 deep elf magi
  14 ugly things
  A fire giant zombie (Vaults:4)
  2 orc sorcerers
  2 oklob plants
  10 cyclopes
  4 manticores
  A shining eye (Slime:5)
  24 moths of wrath
  8 elephants
  3 stone giant zombies
  6 guardian serpents (Depths:1)
  4 centaur zombies
  2 fire giant skeletons
  3 black mambas
  A rust devil (Depths:2)
  An eye of devastation (Slime:5)
  5 vault sentinels
  A gargoyle (D:14)
  2 spectral swamp worms (Depths:3)
  3 torpor snails
  A stone giant skeleton (Vaults:2)
  A yaktaur (shapeshifter) (Depths:5)
  9 spiny frogs
  A sea snake zombie (Crypt:2)
  2 kobold demonologists (D:15)
  2 rime drakes
  An efreet (D:15)
  A spriggan zombie (Depths:1)
  3 komodo dragons
  7 demonic crawlers
  38 yaktaurs
  8 freezing wraiths
  A yaktaur skeleton (Vaults:2)
  A red devil (Depths:2)
  2 tengu conjurers
  2 meliai (D:15)
  A troll (D:14)
  A jumping spider (shapeshifter) (Vaults:5)
  A polar bear (shapeshifter) (Depths:2)
  5 merfolk
  A troll (shapeshifter) (Depths:2)
  7 jumping spiders
  14 hornets
  A meliai (shapeshifter) (Vaults:4)
  A queen bee (D:15)
  2 bog bodies (Crypt:2)
  4 snapping turtles
  10 blink frogs
  29 slime creatures
  2 hippogriffs (shapeshifter)
  A harpy skeleton (D:14)
  An air elemental (Elf:1)
  6 hippogriffs
  A meliai zombie (D:14)
  A fire giant simulacrum (Depths:1)
  A centaur simulacrum (D:12)
  An alligator skeleton (Crypt:2)
  A spriggan (shapeshifter) (Vaults:2)
  A stone giant simulacrum (Depths:1)
  A deep troll skeleton (Depths:1)
  25 flying skulls
  An ettin skeleton (Crypt:2)
  14 redbacks
  4 spriggans
  7 water elementals
  A guardian serpent skeleton (Crypt:2)
  12 tarantellas
  2 shadows
  A ynoxinul (Depths:4)
  6 wraiths
  2 wyverns
  The ghost of Barriton the Slasher, an amateur MiFi (Sewer)
  A fire bat (shapeshifter) (Vaults:4)
  Eustachio (D:4)
  32 yaks
  5 basilisks
  A fire elemental (Elf:1)
  A golden eye (Slime:1)
  A hungry ghost (D:12)
  A yaktaur simulacrum (Vaults:3)
  A steam dragon (D:15)
  7 vampire mosquitoes
  5 nagas (Depths:1)
  6 wargs
  3 acid dragons
  A harpy simulacrum (Crypt:3)
  2 soldier ants
  15 water moccasins
  Duvessa (D:7)
  7 porcupines
  A merfolk skeleton (Crypt:1)
  An infernal demonspawn skeleton (Crypt:1)
  An ettin simulacrum (Crypt:1)
  A two-headed ogre skeleton (Crypt:1)
  3 eyes of draining
  2 phantoms
  5 sky beasts
  3 necrophages (Crypt:3)
  23 orc warriors
  3 ice beasts
  A boggart (Depths:3)
  An eye of draining (shapeshifter) (Vaults:4)
  18 wolves
  7 centaurs
  A manticore skeleton (Crypt:1)
  18 ogres
  8 crocodiles
  A torpor snail zombie (Crypt:2)
  2 big kobolds
  3 earth elementals
  15 bullfrogs
  A bullfrog (shapeshifter) (Vaults:5)
  Dowan (D:7)
  3 elf skeletons
  A scorpion (shapeshifter) (Vaults:2)
  3 scorpions
  16 wights
  16 killer bees
  2 howler monkeys
  An electric eel (D:12)
  7 crimson imps
  A basilisk zombie (Crypt:1)
  7 hounds
  A human zombie (D:5)
  Crazy Yiuf (D:7)
  8 orc priests
  6 centaur skeletons
  An iron imp (Depths:4)
  5 jellies
  12 orc wizards
  2 bullfrog skeletons
  Ijyb (D:4)
  4 iguanas
  8 worker ants
  4 merfolk sirens
  4 human skeletons
  4 hell rats (Lair:4)
  Terence (D:2)
  3 merfolk avatars
  A bullfrog simulacrum (D:12)
  A tengu zombie (Crypt:1)
  A hound zombie (D:9)
  A worker ant zombie (D:8)
  15 gnolls
  A howler monkey skeleton (D:5)
  A river rat (Sewer)
  A scorpion zombie (Crypt:1)
  18 adders
  5 shadow imps
  2 white imps
  3 ufetubi
  2 oozes
  2 adder skeletons
  An adder zombie (Crypt:1)
  6 worms
  A dart slug (D:1)
  7 leopard geckos
  48 orcs
  6 giant cockroaches
  8 goblins
  7 hobgoblins
  13 jackals
  6 quokkas
  5 ball pythons
  5 bats
  10 frilled lizards
  14 kobolds
  A kobold zombie (Crypt:1)
  2 orc skeletons (D:5)
  An orc zombie (D:5)
  A quokka zombie (Crypt:2)
  29 rats
  A crawling corpse (Depths:4)
  A fungus (D:7)
  2 plants
1519 creatures vanquished.

Vanquished Creatures (collateral kills)
  Dissolution (Slime:5)
  An ancient lich (Vaults:5)
  Sojobo (Depths:3)
  Bai Suzhen (Elf:3)
  Frederick (Depths:3)
  A caustic shrike (Depths:4)
  Saint Roka (Vaults:4)
  4 golden dragons
  Jorgrun (Elf:3)
  A tentacled monstrosity (Vaults:5)
  A deep elf blademaster (Elf:3)
  A deep elf master archer (Elf:3)
  Rupert (Orc:2)
  A quicksilver dragon (Zot:4)
  2 titans
  2 krakens (Shoals:3)
  4 acid blobs
  8 sphinxes
  3 shadow dragons
  Polyphemus (Shoals:4)
  An ancient champion (Crypt:3)
  A death cob (Zot:2)
  Kirke (Lair:6)
  8 tengu reavers
  Frances (Spider:1)
  Ilsuiw (Shoals:4)
  2 storm dragons
  5 draconian monks (Zot:2)
  A revenant (Crypt:3)
  Donald (Elf:3)
  A nagaraja (Depths:1)
  2 azure jellies
  7 fire giants
  An iron dragon (Vaults:5)
  9 deep elf sorcerers
  6 frost giants
  10 vault wardens
  2 draconian knights (Zot:2)
  A draconian scorcher (Depths:5)
  A draconian shifter (Zot:3)
  5 emperor scorpions
  A deep elf elementalist (Vaults:5)
  2 draconian annihilators
  A draconian stormcaller (Zot:2)
  5 ghouls
  15 ironheart preservers
  A spriggan defender (Depths:3)
  7 stone giants
  6 very ugly things
  2 war gargoyles (Vaults:5)
  5 entropy weavers
  An entropy weaver (shapeshifter) (Vaults:5)
  7 deep elf demonologists (Elf:3)
  7 vampire knights
  A green draconian (Zot:2)
  7 deep elf annihilators
  4 yellow draconians
  2 black draconians (Zot:3)
  3 purple draconians (Zot:2)
  3 red draconians
  A white draconian (Zot:2)
  5 spark wasps
  The ghost of Koleisus the Spear-Bearer, a journeyman MiGl of Ashenzari (Spider:1)
  Snorg (D:10)
  4 merfolk javelineers
  10 deep elf death magi
  5 ettins
  9 jiangshi
  4 fire dragons
  7 merfolk impalers
  8 great orbs of eyes
  6 deep elf high priests
  Erolcha (D:12)
  6 yaktaur captains
  A hell beast (Depths:2)
  Fannar (D:11)
  22 vault guards
  A spriggan air mage (Depths:4)
  2 naga warriors (D:9)
  3 rakshasas
  The ghost of CasualChangeling the Basher, a journeyman TeCK of Xom (Orc:2)
  A hydra (Lair:6)
  A catoblepas (Shoals:4)
  4 ice dragons
  7 centaur warriors
  An anaconda (shapeshifter) (Depths:5)
  4 merfolk avatars
  34 two-headed ogres
  8 death knights
  2 death yaks (Shoals:4)
  17 dancing weapons
  5 merfolk aquamancers
  3 satyrs
  A queen ant (Spider:4)
  14 ogre magi
  3 deep troll earth magi
  2 tengu warriors
  5 deep troll shamans
  An orc high priest (Orc:2)
  3 vampire magi
  A shock serpent (shapeshifter) (Depths:2)
  2 spriggan berserkers
  10 hell knights
  4 spriggans (Depths:4)
  21 deep elf knights
  A storm dragon zombie (Vaults:3)
  The ghost of drevant the Spear-Bearer, a novice DsAK of Lugonu (D:8)
  9 skeletal warriors
  2 shadow wraiths
  A glowing orange brain (Depths:3)
  3 unseen horrors
  A storm dragon skeleton (Vaults:4)
  7 sea snakes
  5 flayed ghosts
  21 deep trolls
  A deep troll (shapeshifter) (Vaults:5)
  A swamp dragon (Zot:3)
  An unseen horror (shapeshifter) (Vaults:2)
  6 wizards
  An infernal demonspawn (Depths:4)
  9 orc knights
  14 deep elf archers
  6 ironbrand convokers
  A lindwurm (Depths:1)
  3 phantasmal warriors
  4 necromancers
  19 harpies
  5 orc sorcerers
  41 deep elf magi
  4 oklob plants
  15 orb spiders
  A shining eye (Slime:2)
  A fire giant zombie (Depths:1)
  A frost giant zombie (Crypt:2)
  22 wolf spiders
  8 fauns
  24 ugly things
  A moth of wrath (Spider:4)
  13 cyclopes
  4 manticores
  Maurice (Orc:1)
  7 vault sentinels
  2 centaur zombies
  A black mamba (Depths:1)
  4 merfolk sirens (Shoals:4)
  A guardian serpent (shapeshifter) (Vaults:5)
  A torpor snail (Spider:2)
  A guardian serpent (Depths:1)
  5 elephants (Lair:6)
  3 spectral swamp worms (Depths:3)
  A water nymph (Shoals:4)
  A centaur skeleton (D:15)
  A rime drake (Lair:6)
  5 freezing wraiths
  12 spiny frogs
  A kobold demonologist (D:15)
  2 efreet (D:13)
  9 demonic crawlers
  An emperor scorpion zombie (Crypt:2)
  2 komodo dragons
  A rime drake (shapeshifter) (Depths:2)
  A human skeleton (Vaults:2)
  38 yaktaurs
  An ice devil (Depths:2)
  A redback zombie (Spider:1)
  A yaktaur skeleton (Vaults:2)
  A meliai (shapeshifter) (Vaults:2)
  13 jumping spiders
  A meliai (D:15)
  A polar bear (Lair:5)
  14 merfolk
  2 trolls (Orc:2)
  10 hornets
  5 tyrant leeches (Lair:6)
  20 slime creatures
  17 blink frogs
  3 wind drakes
  A meliai zombie (D:14)
  2 bog bodies (Crypt:1)
  7 snapping turtles
  An ettin zombie (Crypt:2)
  4 hippogriffs
  A harpy skeleton (Crypt:2)
  6 dream sheep
  A fire giant simulacrum (Crypt:2)
  A large abomination (Crypt:3)
  49 redbacks
  An air elemental (Elf:1)
  24 tarantellas
  17 water elementals
  3 shadows
  25 flying skulls
  A deep troll skeleton (Depths:1)
  A basilisk (Lair:6)
  4 wraiths
  2 humans (shapeshifter)
  A tyrant leech zombie (Crypt:1)
  A hungry ghost (D:13)
  A fire elemental (Elf:2)
  A neqoxec (Depths:4)
  23 yaks
  3 golden eyes (Slime:1)
  3 small abominations
  A black mamba skeleton (Crypt:2)
  3 hogs (Lair:6)
  9 vampire mosquitoes
  9 nagas (Depths:1)
  6 wargs
  2 soldier ants (Spider:4)
  5 water moccasins
  A floating eye (shapeshifter) (Vaults:5)
  A floating eye (Depths:2)
  A snapping turtle zombie (Crypt:3)
  24 orc warriors
  2 eyes of draining
  A black bear (shapeshifter) (Depths:3)
  A hornet zombie (D:10)
  3 ice beasts
  A deep troll simulacrum (Depths:1)
  28 ogres
  3 boggarts (Depths:3)
  7 centaurs
  A necrophage (Crypt:3)
  6 crocodiles
  A big kobold (shapeshifter) (Depths:3)
  A big kobold (D:10)
  13 bullfrogs
  An earth elemental (Elf:3)
  11 killer bees (D:15)
  6 wights
  2 electric eels
  A howler monkey (D:10)
  3 crimson imps
  7 orc priests
  2 hounds (D:14)
  2 iron imps (Depths:4)
  11 orc wizards
  A demonspawn skeleton (Crypt:2)
  A hell rat (Lair:4)
  4 worker ants
  A bullfrog simulacrum (D:12)
  A dwarf skeleton (Crypt:1)
  An adder (D:12)
  2 white imps
  3 ufetubi (D:12)
  2 worms (Spider:1)
  46 orcs
  4 kobolds (D:15)
  A rat zombie (Crypt:2)
  3 bushes (Shoals:2)
  4 crawling corpses
  16 fungi
  110 plants
  4 tentacles (Shoals:3)
1449 creatures vanquished.

Vanquished Creatures (others)
  5 profane servitors
  5 bone dragons
  A draconian knight (Zot:1)
  2 draconian scorchers (Zot:2)
  11 ghouls
  10 vampire knights
  A spark wasp (Depths:4)
  A fire dragon (Zot:3)
  A quicksilver dragon zombie (Zot:4)
  A rakshasa (Depths:2)
  A dancing weapon (Elf:2)
  4 storm dragon zombies
  2 spark wasp zombies (Depths:5)
  9 skeletal warriors
  2 very ugly thing zombies
  18 flayed ghosts
  A wizard (Depths:3)
  3 golden dragon zombies
  10 phantasmal warriors
  3 ugly thing zombies
  2 frost giant zombies
  13 draconian zombies
  A fire giant zombie (Depths:4)
  A sphinx zombie (Depths:4)
  A naga zombie (Depths:1)
  5 centaur zombies
  A spectral orc (D:14)
  3 yellow draconian zombies
  A red draconian zombie (Zot:3)
  A purple draconian zombie (Zot:2)
  A sea snake zombie (Shoals:4)
  2 black draconian zombies
  6 green draconian zombies
  A death yak zombie (Depths:4)
  9 redback zombies
  A ghoul skeleton (Depths:5)
  2 white draconian zombies
  A yellow draconian skeleton (Zot:3)
  A hydra zombie (D:10)
  2 red draconian skeletons
  A harpy zombie (Vaults:1)
  An ettin zombie (Depths:3)
  A meliai zombie (D:15)
  2 moth of wrath zombies (Zot:4)
  4 fire dragon zombies
  4 ice dragon zombies
  18 flying skulls
  11 vampires
  A tarantella (Spider:4)
  A redback (Depths:2)
  A wraith (Orc:2)
  A golden eye (shapeshifter) (D:13)
  3 spriggan zombies (Depths:4)
  A tyrant leech zombie (Lair:6)
  7 two-headed ogre zombies
  A tengu zombie (D:14)
  5 deep troll zombies
  4 elf zombies
  A water moccasin (Depths:1)
  7 spiny frog zombies (Lair:6)
  An elf skeleton (Elf:1)
  6 blink frog zombies
  9 human zombies
  A manticore zombie (D:14)
  An elephant zombie (Lair:2)
  A merfolk zombie (Shoals:4)
  2 hornet zombies (Depths:4)
  3 rime drake zombies
  A boggart (Depths:3)
  A torpor snail zombie (Lair:4)
  7 vampire mosquito zombies
  8 yaktaur zombies
  A komodo dragon zombie (Lair:6)
  3 cyclops zombies
  A yaktaur skeleton (Depths:4)
  2 warg zombies (Orc:2)
  4 water moccasin zombies
  9 yak zombies
  A troll zombie (Orc:2)
  2 wolf zombies (Lair:4)
  2 yak skeletons
  3 wights
  3 bullfrog zombies (Lair:6)
  A soldier ant zombie (Spider:4)
  2 porcupine zombies
  7 killer bee zombies (D:15)
  An acid dragon zombie (D:14)
  8 ogre zombies
  2 crocodile zombies (Lair:2)
  A hound zombie (D:14)
  A hell rat zombie (Lair:4)
  An orc skeleton (Vaults:2)
  17 orc zombies
  An orc (Vaults:1)
  A ball python (Depths:1)
  A crawling corpse (Vaults:5)
  9 fungi
  57 plants
  8 tentacles
411 creatures vanquished.

Grand Total: 3379 creatures vanquished

Notes
Turn   | Place    | Note
-------+----------+-------------------------------------------
     0 | D:1      | Gorice the Demonspawn Wanderer began the quest for the Orb.
     0 | D:1      | Gorice set off with: a +2 hand crossbow, 21 bolts, a +0 shortbow, 25 arrows, a scroll of teleportation {!r}, a +0 robe, a bread ration {!e}
     0 | D:1      | Reached XP level 1. HP: 18/18 MP: 2/2
    25 | D:1      | Reached skill level 2 in Crossbows
   133 | D:1      | Gained mutation: When hurt, damage is shared between your health and your magic reserves. [demonic ancestry]
   133 | D:1      | Reached XP level 2. HP: 18/24 MP: 3/3
   461 | D:1      | Reached skill level 3 in Crossbows
   901 | D:2      | Reached XP level 3. HP: 25/29 MP: 2/4
  1182 | D:2      | Noticed Terence
  1381 | D:2      | HP: 8/29 [poisoned by an adder]
  1389 | D:2      | HP: 7/29 [poisoned by an adder]
  1853 | D:3      | Reached skill level 4 in Crossbows
  1853 | D:3      | Reached XP level 4. HP: 34/35 MP: 5/5
  1963 | D:3      | Found a glowing silver altar of Zin.
  2066 | D:2      | Killed Terence
  2066 | D:2      | Gained mutation: You have large cloven feet. [demonic ancestry]
  2066 | D:2      | Reached XP level 5. HP: 25/41 MP: 4/6
  2236 | D:3      | Reached skill level 5 in Crossbows
  2710 | D:3      | Gained mutation: You have hoof-like feet. [demonic ancestry]
  2710 | D:3      | Reached XP level 6. HP: 21/47 MP: 5/7
  3380 | D:4      | Reached skill level 6 in Crossbows
  3712 | D:4      | Noticed Eustachio
  3770 | D:4      | Got a translucent leather armour
  4084 | D:4      | Reached skill level 7 in Crossbows
  4084 | D:4      | Gained mutation: You regenerate a little health from kills. [demonic ancestry]
  4084 | D:4      | Reached XP level 7. HP: 38/52 MP: 6/8
  4201 | D:4      | Noticed Ijyb
  4213 | D:4      | Killed Ijyb
  4373 | D:4      | Killed Eustachio
  4391 | D:4      | Got a faintly humming scale mail
  4419 | D:4      | Identified the +6 scale mail of Truth {*Slow Int+3 Dex+5} (You found it on level 4 of the Dungeon)
  4484 | D:5      | Entered Level 5 of the Dungeon
  4484 | D:5      | Found a basalt altar of Yredelemnul.
  4495 | D:5      | Reached skill level 8 in Crossbows
  4558 | D:5      | Found an iron altar of Okawaru.
  4661 | D:5      | Found a glowing drain.
  4679 | D:5      | Got a pair of twisted gloves
  4690 | D:5      | Identified the +2 pair of gloves of Sunlight {Int-2 Dex+3 Slay+3} (You found it on level 5 of the Dungeon)
  4705 | Sewer    | Entered a sewer
  4950 | Sewer    | Noticed Barriton's ghost (amateur MiFi)
  4974 | Sewer    | Killed Barriton's ghost
  4974 | Sewer    | Gained mutation: You regenerate magic rapidly. [demonic ancestry]
  4974 | Sewer    | Reached XP level 8. HP: 47/58 MP: 9/9
  5015 | Sewer    | Reached skill level 9 in Crossbows
  5177 | D:5      | Became a worshipper of Yredelemnul the Dark
  5719 | D:6      | Reached skill level 1 in Armour
  5763 | D:6      | Found a burning altar of Makhleb.
  5787 | D:6      | Reached skill level 2 in Armour
  6160 | D:6      | Found a staircase to the Ecumenical Temple.
  6166 | Temple   | Entered the Ecumenical Temple
  6525 | D:7      | Found a burning altar of Makhleb.
  6526 | D:7      | Noticed a cacodemon
  6638 | D:7      | Noticed Dowan
  6640 | D:7      | Noticed Duvessa
  6652 | D:7      | Killed Duvessa
  6652 | D:7      | Reached skill level 10 in Crossbows
  6652 | D:7      | Reached skill level 3 in Armour
  6656 | D:7      | Killed Dowan
  6770 | D:7      | Found a runed door.
  6774 | D:7      | Noticed Crazy Yiuf
  6779 | D:7      | Paralysed by Crazy Yiuf for 7 turns
  6785 | D:7      | Killed Crazy Yiuf
  6836 | D:7      | Reached XP level 9. HP: 44/64 MP: 10/10
  6840 | D:7      | Reached skill level 4 in Armour
  6901 | D:7      | Reached * piety under Yredelemnul
  6983 | D:7      | Reached skill level 4 in Fighting
  7156 | D:7      | Reached skill level 5 in Armour
  7195 | D:7      | Got an encrusted short sword
  7327 | D:7      | Identified the +8 short sword of Eternal Vigilance {drain, SInv} (You found it on level 7 of the Dungeon)
  7331 | D:8      | Noticed drevant's ghost (novice DsAK)
  7355 | D:8      | Found a shimmering altar of Xom.
  8177 | D:8      | Reached skill level 6 in Armour
  8357 | D:7      | HP: 20/67 [poisoned by drevant's ghost]
  8363 | D:7      | HP: 20/67 [poisoned by drevant's ghost]
  8371 | D:7      | HP: 19/67 [poisoned by drevant's ghost]
  8442 | D:7      | Reached skill level 5 in Fighting
  9236 | D:9      | Noticed a naga warrior
  9249 | D:9      | Noticed an unseen horror
  9270 | D:9      | Killed an unseen horror
  9270 | D:9      | Reached skill level 7 in Armour
  9270 | D:9      | Reached XP level 10. HP: 64/76 MP: 9/11
  9530 | D:9      | Found a stormy altar of Qazlal.
  9552 | D:9      | Reached skill level 6 in Fighting
  9597 | D:8      | Reached ** piety under Yredelemnul
  9626 | D:8      | HP: 22/76 [poisoned by drevant's ghost]
  9634 | D:9      | HP: 22/76 [poisoned by drevant's ghost]
 10077 | D:9      | Noticed a two-headed ogre
 10087 | D:9      | Killed a two-headed ogre
 10087 | D:9      | Reached skill level 8 in Armour
 10142 | D:9      | Found a large runed door.
 10143 | D:9      | Found a large runed door.
 10702 | D:9      | Noticed a two-headed ogre
 10757 | D:10     | Entered Level 10 of the Dungeon
 10767 | D:10     | Noticed a two-headed ogre
 10861 | D:10     | Reached skill level 7 in Fighting
 10892 | D:10     | Noticed a two-headed ogre
 10915 | D:10     | Killed a two-headed ogre
 10915 | D:10     | Reached skill level 9 in Armour
 10929 | D:10     | Noticed a two-headed ogre
 10954 | D:10     | Killed a two-headed ogre
 11026 | D:10     | Noticed a seven-headed hydra
 11035 | D:10     | Killed a seven-headed hydra
 11035 | D:10     | Reached skill level 8 in Fighting
 11035 | D:10     | Reached skill level 10 in Armour
 11035 | D:10     | Reached XP level 11. HP: 36/86 MP: 5/12
 11159 | D:10     | Found the +3 crown of Dyrovepreva {rElec Int+2 SInv}
 11299 | D:10     | Noticed an unseen horror
 11313 | D:10     | Killed an unseen horror
 11489 | D:10     | Found Ehyih's Antique Weapon Boutique.
 11790 | D:11     | Noticed a cyan ugly thing
 11798 | D:11     | Killed a cyan ugly thing
 11909 | D:11     | Noticed Fannar
 11927 | D:11     | Killed Fannar
 11978 | D:11     | Found a staircase to the Lair.
 11982 | D:11     | Noticed an oklob plant
 12171 | D:11     | Noticed Nergalle
 12181 | D:11     | HP: 22/87 [Nergalle/bolt of negative energy (16)]
 12183 | D:11     | HP: 6/87 [Nergalle/bolt of negative energy (26)]
 12486 | D:11     | Noticed Snorg
 12492 | D:11     | Noticed a green ugly thing
 12716 | D:10     | HP: 24/87 [Snorg (4)]
 12718 | D:10     | HP: 11/87 [Snorg (11)]
 12720 | D:10     | HP: 4/87 [Snorg (7)]
 13563 | D:11     | Killed an oklob plant
 13563 | D:11     | Reached skill level 11 in Armour
 13571 | D:11     | Killed a green ugly thing
 13707 | Lair:1   | Entered Level 1 of the Lair of Beasts
 13718 | Lair:1   | Reached skill level 9 in Fighting
 13964 | Lair:1   | Noticed Harold
 13985 | Lair:1   | Killed Harold
 14096 | Lair:1   | Noticed a four-headed hydra
 14106 | Lair:1   | Killed a four-headed hydra
 14106 | Lair:1   | Reached skill level 12 in Armour
 14424 | Lair:1   | Gained mutation: You have hooves in place of feet. [demonic ancestry]
 14424 | Lair:1   | Reached XP level 12. HP: 93/97 MP: 13/13
 14720 | Lair:1   | Upgraded the game from 0.21-a0-405-gf2af9a1 to 0.21-a0-414-gba8bdf1
 14781 | Lair:2   | Reached skill level 10 in Fighting
 14804 | Lair:2   | Reached *** piety under Yredelemnul
 14942 | Lair:2   | Noticed an eight-headed hydra
 14954 | Lair:2   | Killed an eight-headed hydra
 15268 | Lair:2   | Reached skill level 13 in Armour
 15336 | Lair:2   | Noticed a six-headed hydra
 15342 | Lair:2   | Killed a six-headed hydra
 15342 | Lair:2   | Reached skill level 1 in Invocations
 15388 | Lair:2   | Reached skill level 2 in Invocations
 15616 | Lair:2   | Noticed an eight-headed hydra
 15620 | Lair:2   | Killed an eight-headed hydra
 15620 | Lair:2   | Reached skill level 3 in Invocations
 15752 | Lair:3   | Found a labyrinth entrance.
 15769 | Lab      | Entered a labyrinth
 16318 | Lab      | Noticed a minotaur
 16341 | Lab      | Killed a minotaur
 16341 | Lab      | Reached skill level 4 in Invocations
 16353 | Lab      | --Wow well equipped minotaur: undead hunter and maxwell's armour!
 16369 | Lab      | Identified the Guide on Beguiling
 16371 | Lab      | Got a transparent dagger
 16564 | Lair:3   | Reached skill level 11 in Fighting
 16574 | Lair:3   | Received a gift from Yredelemnul (a wight)
 17010 | Lair:3   | Reached skill level 5 in Invocations
 17578 | Lair:4   | Reached XP level 13. HP: 98/106 MP: 15/17
 17645 | Lair:4   | Received a gift from Yredelemnul (a wight)
 17655 | Lair:4   | Reached skill level 14 in Armour
 18438 | Lair:4   | Found a hole to the Spider Nest.
 18921 | Lair:4   | Found a staircase to the Shoals.
 18927 | Lair:4   | Reached skill level 6 in Invocations
 19145 | Lair:4   | Reached **** piety under Yredelemnul
 19532 | Lair:5   | Found a viscous altar of Jiyva.
 19533 | Lair:5   | Found a staircase to the Slime Pits.
 19759 | Lair:5   | Reached skill level 7 in Invocations
 19777 | Lair:5   | Received a gift from Yredelemnul (5 flying skulls)
 20354 | Lair:6   | Entered Level 6 of the Lair of Beasts
 20516 | Lair:6   | Reached skill level 8 in Invocations
 20542 | Lair:6   | Reached skill level 12 in Fighting
 20948 | Lair:6   | Reached skill level 15 in Armour
 20971 | Lair:6   | Noticed Kirke
 20981 | Lair:6   | Killed Kirke
 21025 | Lair:6   | Reached ***** piety under Yredelemnul
 21200 | Lair:6   | Reached skill level 9 in Invocations
 21213 | Lair:6   | Gained mutation: When low on magic, you restore magic in place of health. [demonic ancestry]
 21213 | Lair:6   | Reached XP level 14. HP: 114/115 MP: 16/20
 21237 | Lair:6   | Got an ancient plate armour
 21251 | Lair:6   | Received a gift from Yredelemnul (a wight)
 21785 | Lair:1   | Identified the +11 plate armour of Pehoegh {+Inv rElec rCorr Str-5} (You found it on level 6 of the Lair of Beasts)
 21893 | D:11     | Killed Nergalle
 21893 | D:11     | Enslaved Nergalle
 22071 | D:12     | Received a gift from Yredelemnul (a vampire)
 22266 | D:12     | Noticed Erolcha
 22273 | D:12     | Killed Erolcha
 22463 | D:12     | Received a gift from Yredelemnul (4 flying skulls)
 22513 | D:12     | Found a staircase to the Orcish Mines.
 22537 | D:12     | Found a roughly hewn altar of Beogh.
 22811 | D:12     | Received a gift from Yredelemnul (4 flying skulls)
 22937 | D:12     | Reached skill level 10 in Invocations
 22944 | D:12     | Found Mos Unk's Jewellery Shop.
 23090 | D:12     | Received a gift from Yredelemnul (a flying skull)
 23334 | D:12     | Bought the ring "Meix" {rPois rF+ Str+4 Dex+4 Stlth+} for 696 gold pieces
 23510 | Orc:1    | Entered Level 1 of the Orcish Mines
 23510 | Orc:1    | Noticed Maurice
 23512 | Orc:1    | Upgraded the game from 0.21-a0-414-gba8bdf1 to 0.21-a0-417-g0adc95b
 23521 | Orc:1    | Killed Maurice
 23611 | Orc:1    | Received a gift from Yredelemnul (a wraith)
 23721 | Orc:2    | Entered Level 2 of the Orcish Mines
 23729 | Orc:2    | Found a staircase to the Elven Halls.
 23785 | Orc:2    | Killed CasualChangeling's ghost
 23792 | Orc:2    | Noticed an orc warlord
 23826 | Orc:2    | Killed an orc warlord
 23826 | Orc:2    | Reached skill level 16 in Armour
 23828 | Orc:2    | Received a gift from Yredelemnul (a vampire)
 23867 | Orc:2    | Reached skill level 13 in Fighting
 23868 | Orc:2    | Found Soqoro's Antique Armour Emporium.
 23869 | Orc:2    | Found a roughly hewn altar of Beogh.
 23872 | Orc:2    | Found Onocsim's Antique Weapon Shoppe.
 24000 | Orc:2    | Received a gift from Yredelemnul (4 flying skulls)
 24016 | Orc:2    | Found a roughly hewn altar of Beogh.
 24053 | Orc:2    | Found a roughly hewn altar of Beogh.
 24058 | Orc:2    | Received a gift from Yredelemnul (a vampire)
 24069 | Orc:2    | Found Kosos's Weapon Shoppe.
 24084 | Orc:2    | Noticed Jm2c's ghost (journeyman DDNe)
 24096 | Orc:2    | Killed Jm2c's ghost
 24096 | Orc:2    | Reached ****** piety under Yredelemnul
 24151 | Orc:2    | Found a roughly hewn altar of Beogh.
 24207 | Orc:2    | Noticed Rupert
 24219 | Orc:2    | Killed Rupert
 24219 | Orc:2    | Reached skill level 2 in Evocations
 24245 | Orc:2    | Found a roughly hewn altar of Beogh.
 24445 | Orc:2    | Found a roughly hewn altar of Beogh.
 24461 | Orc:2    | Found Dyutaps's Armour Shop.
 25126 | D:13     | Received a gift from Yredelemnul (a vampire)
 25322 | D:13     | Reached skill level 3 in Evocations
 25692 | D:14     | Reached skill level 1 in Maces & Flails
 25765 | D:14     | HP: 33/118 [white ugly thing (10)]
 25840 | D:14     | Your ally Nergalle died
 25843 | D:14     | Reached skill level 4 in Evocations
 25850 | D:14     | Reached skill level 2 in Maces & Flails
 25873 | D:14     | Gained mutation: When seriously injured, your bleeding wounds create armour. (AC +12) [demonic ancestry]
 25873 | D:14     | Reached XP level 15. HP: 62/124 MP: 18/22
 26062 | D:14     | Reached skill level 3 in Maces & Flails
 26062 | D:14     | Received a gift from Yredelemnul (a vampire knight)
 26374 | D:15     | Entered Level 15 of the Dungeon
 26463 | D:14     | Found a gate to the Vaults.
 26919 | D:15     | Reached skill level 5 in Evocations
 26928 | D:15     | Received a gift from Yredelemnul (a vampire knight)
 27217 | D:15     | Reached skill level 4 in Maces & Flails
 27225 | D:15     | Found a staircase to the Depths.
 27342 | D:15     | Received a gift from Yredelemnul (a vampire knight)
 27372 | D:15     | Received a gift from Yredelemnul (a flayed ghost)
 27931 | Spider:1 | Entered Level 1 of the Spider Nest
 28010 | Spider:1 | Reached skill level 14 in Fighting
 28033 | Spider:1 | Reached skill level 6 in Evocations
 28034 | Spider:1 | Received a gift from Yredelemnul (a bone dragon)
 28061 | Spider:1 | Noticed Frances
 28066 | Spider:1 | Killed Frances
 28157 | Spider:1 | Reached skill level 5 in Maces & Flails
 28170 | Spider:1 | Received a gift from Yredelemnul (a ghoul)
 28349 | Spider:1 | Received a gift from Yredelemnul (a flayed ghost)
 28390 | Spider:1 | Noticed Koleisus's ghost (journeyman MiGl)
 28399 | Spider:1 | Killed Koleisus's ghost
 28690 | Spider:2 | Received a gift from Yredelemnul (a skeletal warrior)
 28833 | Spider:2 | Reached skill level 17 in Armour
 28870 | Spider:2 | Reached skill level 7 in Evocations
 29381 | Spider:1 | Paralysed by a hornet for 3 turns
 29385 | Spider:1 | Gained mutation: When seriously injured, your bleeding wounds create thick armour. (AC +12) [demonic ancestry]
 29385 | Spider:1 | Reached XP level 16. HP: 113/134 MP: 20/23
 29396 | Spider:1 | Received a gift from Yredelemnul (a vampire)
 29887 | Spider:3 | Reached skill level 6 in Maces & Flails
 29895 | Spider:3 | Received a gift from Yredelemnul (a skeletal warrior)
 30263 | Spider:3 | Upgraded the game from 0.21-a0-417-g0adc95b to 0.21-a0-421-gfc1ce30
 30264 | Spider:4 | Entered Level 4 of the Spider Nest
 30388 | Spider:4 | Received a gift from Yredelemnul (a phantasmal warrior)
 30638 | Spider:4 | Received a gift from Yredelemnul (a vampire knight)
 30638 | Spider:4 | Received a gift from Yredelemnul (a flayed ghost)
 30679 | Spider:4 | Reached skill level 8 in Evocations
 30748 | Spider:4 | Received a gift from Yredelemnul (a flayed ghost)
 30822 | Spider:4 | Reached skill level 7 in Maces & Flails
 30918 | Spider:4 | Reached skill level 15 in Fighting
 30925 | Spider:4 | Received a gift from Yredelemnul (a profane servitor)
 30954 | Spider:4 | Got a gossamer rune of Zot
 31469 | Shoals:1 | Entered Level 1 of the Shoals
 31595 | Shoals:1 | Received a gift from Yredelemnul (a bone dragon)
 31675 | Shoals:1 | Found a shattered altar of Ashenzari.
 31799 | Shoals:1 | Reached skill level 9 in Evocations
 32003 | Shoals:2 | Received a gift from Yredelemnul (a ghoul)
 32046 | Shoals:2 | Found Cerro's Distillery.
 32076 | Shoals:2 | Bought a potion of heal wounds for 90 gold pieces
 32076 | Shoals:2 | Bought a potion of heal wounds for 90 gold pieces
 32076 | Shoals:2 | Bought a potion of cancellation for 144 gold pieces
 32076 | Shoals:2 | Bought a potion of cancellation for 144 gold pieces
 32339 | Shoals:2 | Found Cystotui's Distillery.
 32344 | Shoals:2 | Found Yloinan's Magic Scroll Shop.
 32349 | Shoals:2 | Bought a potion of heal wounds for 65 gold pieces
 32440 | Shoals:2 | Got a warped ring mail
 32732 | Shoals:3 | Reached skill level 8 in Maces & Flails
 32733 | Shoals:3 | Noticed a kraken
 32737 | Shoals:3 | Killed a kraken
 32929 | Shoals:3 | Noticed a kraken
 32934 | Shoals:3 | Killed a kraken
 32934 | Shoals:3 | Gained mutation: When seriously injured, your bleeding wounds create very thick armour. (AC +12) [demonic ancestry]
 32934 | Shoals:3 | Reached XP level 17. HP: 137/142 MP: 24/24
 33067 | Shoals:3 | Identified the +4 ring mail "Puipsiak" {MR+++ Dex+6 Stlth-} (You found it on level 2 of the Shoals)
 33344 | D:8      | Killed drevant's ghost
 33389 | D:9      | Found an iron altar of Okawaru.
 33389 | D:9      | Found an iron altar of Okawaru.
 33397 | D:9      | Received a gift from Yredelemnul (a flayed ghost)
 33420 | D:9      | Got a spiked scale mail
 33421 | D:9      | Identified the +5 scale mail "Damnable Contraption" {rN+ Dex+3} (You found it on level 9 of the Dungeon)
 33483 | D:10     | Killed Snorg
 33744 | Shoals:4 | Entered Level 4 of the Shoals
 33952 | Shoals:4 | Noticed Polyphemus
 33958 | Shoals:4 | Received a gift from Yredelemnul (a ghoul)
 33958 | Shoals:4 | Killed Polyphemus
 33966 | Shoals:4 | Noticed a kraken
 33966 | Shoals:4 | Reached skill level 10 in Evocations
 33979 | Shoals:4 | Killed a kraken
 33988 | Shoals:4 | Got a barnacled rune of Zot
 34025 | Shoals:4 | Noticed Ilsuiw
 34033 | Shoals:4 | Killed Ilsuiw
 34119 | Shoals:4 | Reached skill level 18 in Armour
 34119 | Shoals:4 | Reached skill level 9 in Maces & Flails
 34786 | Vaults:1 | Entered Level 1 of the Vaults
 35045 | Vaults:1 | Reached skill level 16 in Fighting
 35048 | Vaults:1 | HP: 39/144 [two-headed ogre/giant spiked club (14)]
 35348 | Vaults:1 | Received a gift from Yredelemnul (a vampire)
 35398 | Vaults:1 | Paralysed by an orc sorcerer for 4 turns
 35761 | Vaults:1 | Received a gift from Yredelemnul (a flayed ghost)
 36238 | Vaults:2 | Reached skill level 10 in Maces & Flails
 36280 | Vaults:2 | Received a gift from Yredelemnul (a vampire knight)
 36376 | Vaults:2 | Gained mutation: Your flesh is heat resistant. (rF+) [demonic ancestry]
 36376 | Vaults:2 | Reached XP level 18. HP: 107/151 MP: 21/25
 36487 | Vaults:2 | Received a gift from Yredelemnul (a vampire)
 36501 | Vaults:2 | Received a gift from Yredelemnul (a ghoul)
 36753 | Vaults:2 | Reached skill level 11 in Crossbows
 36786 | Vaults:2 | Reached skill level 11 in Maces & Flails
 37173 | Vaults:2 | HP: 44/151 [two-headed ogre/giant spiked club (3)]
 37324 | Vaults:2 | Received a gift from Yredelemnul (a skeletal warrior)
 37370 | Vaults:2 | Received a gift from Yredelemnul (a phantasmal warrior)
 37377 | Vaults:2 | Found a staircase to the Crypt.
 37887 | Vaults:3 | Received a gift from Yredelemnul (a vampire)
 37908 | Vaults:3 | Reached skill level 12 in Crossbows
 37911 | Vaults:3 | Received a gift from Yredelemnul (a skeletal warrior)
 38015 | Vaults:3 | Found Jiczopp's Food Shop.
 38029 | Vaults:3 | Reached skill level 12 in Maces & Flails
 38037 | Vaults:3 | HP: 38/151 [deep troll[an ironheart preserver] (11)]
 38062 | Vaults:3 | Received a gift from Yredelemnul (a phantasmal warrior)
 38429 | Vaults:3 | Found Ynaclaic's Magic Scroll Shop.
 38486 | Vaults:3 | Received a gift from Yredelemnul (a vampire knight)
 38535 | Vaults:3 | Found Ujupa's General Store.
 38542 | Vaults:3 | Found Wigekh's General Store.
 38544 | Vaults:3 | Bought a potion of haste for 140 gold pieces
 38550 | Vaults:3 | Found Bozxaolu's Jewellery Shoppe.
 38581 | Vaults:3 | Noticed Jory
 38588 | Vaults:3 | Killed Jory
 38853 | Vaults:3 | Received a gift from Yredelemnul (a ghoul)
 38925 | Vaults:3 | HP: 43/151 [flayed ghost/flay_damage (25)]
 39407 | Vaults:4 | Found Qohorchehie's Antique Weapon Shop.
 39413 | Vaults:4 | Noticed Saint Roka
 39420 | Vaults:4 | Killed Saint Roka
 39421 | Vaults:4 | Received a gift from Yredelemnul (a ghoul)
 39427 | Vaults:4 | Gained mutation: You are immune to clouds of flame. [demonic ancestry]
 39427 | Vaults:4 | Reached XP level 19. HP: 131/157 MP: 23/26
 39483 | Vaults:4 | Reached skill level 13 in Crossbows
 39487 | Vaults:4 | Received a gift from Yredelemnul (a phantasmal warrior)
 39543 | Vaults:4 | Reached skill level 13 in Maces & Flails
 39822 | Vaults:4 | Paralysed by a sphinx for 4 turns
 39823 | Vaults:4 | Received a gift from Yredelemnul (a flayed ghost)
 39936 | Vaults:4 | Received a gift from Yredelemnul (a skeletal warrior)
 40360 | Vaults:4 | HP: 31/157 [vault warden/great sword (22)]
 40360 | Vaults:4 | HP: 14/157 [deep troll earth mage[an ironheart preserver] (17)]
 40362 | Vaults:4 | HP: 4/157 [deep troll earth mage[an ironheart preserver] (29)]
 40365 | Vaults:4 | Received a gift from Yredelemnul (a phantasmal warrior)
 40908 | D:12     | Bought the amulet of Codghym {Harm *Drain rN++} for 617 gold pieces
 41082 | Crypt:1  | Entered Level 1 of the Crypt
 41273 | Crypt:1  | Received a gift from Yredelemnul (a flayed ghost)
 41749 | Crypt:2  | Reached skill level 14 in Crossbows
 41779 | Crypt:2  | Reached skill level 14 in Maces & Flails
 41784 | Crypt:2  | Received a gift from Yredelemnul (a ghoul)
 42320 | Crypt:3  | Entered Level 3 of the Crypt
 42327 | Crypt:3  | Received a gift from Yredelemnul (a skeletal warrior)
 42367 | Crypt:3  | Received a gift from Yredelemnul (a flayed ghost)
 42560 | Crypt:3  | Received a gift from Yredelemnul (a flayed ghost)
 42615 | Crypt:3  | Found a basalt altar of Yredelemnul.
 42649 | Crypt:3  | Received a gift from Yredelemnul (a flayed ghost)
 42789 | Crypt:3  | Noticed a profane servitor
 42799 | Crypt:3  | Killed a profane servitor
 42799 | Crypt:3  | Reached XP level 20. HP: 133/165 MP: 23/27
 42856 | Crypt:3  | Paralysed by a vampire knight for 3 turns
 42860 | Crypt:3  | Noticed a bone dragon
 42870 | Crypt:3  | Killed a bone dragon
 42870 | Crypt:3  | Reached skill level 15 in Crossbows
 42880 | Crypt:3  | Reached skill level 15 in Maces & Flails
 42930 | Crypt:3  | HP: 42/165 [flayed ghost/flay_damage (22)]
 42938 | Crypt:3  | Found the +4 dagger "Morg" {pain, MR+ Int+5}
 43127 | Crypt:3  | Found a staircase to the Tomb.
 43565 | Elf:1    | Entered Level 1 of the Elven Halls
 43565 | Elf:1    | Found Ditrigot's Armour Emporium.
 43602 | Elf:1    | Found Numeiff's Weapon Emporium.
 43604 | Elf:1    | Received a gift from Yredelemnul (a vampire knight)
 43746 | Elf:1    | Found the +8 frozen axe "Frostbite" {freezing cloud, *Noise +Fly rC+}
 43873 | Elf:1    | Found Lezyximm's Food Shoppe.
 43970 | Elf:1    | Received a gift from Yredelemnul (a flayed ghost)
 44010 | Elf:1    | Received a gift from Yredelemnul (a flayed ghost)
 44420 | Elf:2    | Reached skill level 16 in Maces & Flails
 44726 | Elf:2    | Found a runed gate.
 44726 | Elf:2    | Found a runed gate.
 44727 | Elf:2    | Found a runed gate.
 44950 | Elf:2    | Received a gift from Yredelemnul (a flayed ghost)
 44962 | Elf:2    | HP: 47/165 [hell rat[a deep elf mage] (7)]
 45035 | Elf:2    | HP: 47/165 [earth elemental[a deep elf mage] (11)]
 45062 | Elf:2    | HP: 38/165 [deep elf archer/arrow (1)]
 45737 | Elf:3    | Entered Level 3 of the Elven Halls
 45757 | Elf:3    | Reached skill level 17 in Maces & Flails
 45832 | Elf:3    | Killed Bai Suzhen
 45850 | Elf:3    | Killed Jorgrun
 46470 | Elf:3    | Received a gift from Yredelemnul (a skeletal warrior)
 46541 | Elf:3    | Reached XP level 21. HP: 123/171 MP: 28/28
 46593 | Elf:3    | Reached skill level 18 in Maces & Flails
 46640 | Elf:3    | Noticed Donald
 46651 | Elf:3    | Killed Donald
 46848 | Elf:3    | Got a smoking wooden ring
 46901 | Elf:3    | Got a slimy arbalest
 46902 | Elf:3    | Identified the +2 arbalest of Akloshrya {flame, Dex+2} (You took it off Donald on level 3 of the Elven Halls)
 46904 | Elf:3    | Identified the ring of Huguqun {*Tele Int+4} (You took it off a deep elf demonologist on level 3 of the Elven Halls)
 47004 | Elf:3    | Got a shimmering chain mail
 47023 | Elf:3    | Identified the +3 chain mail of the Prince {rN+ MR++} (You found it on level 3 of the Elven Halls)
 47458 | Depths:1 | Entered Level 1 of the Depths
 47500 | Depths:1 | Received a gift from Yredelemnul (a vampire knight)
 47942 | Depths:1 | Received a gift from Yredelemnul (a phantasmal warrior)
 48005 | Depths:1 | Reached skill level 19 in Maces & Flails
 48037 | Depths:1 | Received a gift from Yredelemnul (a phantasmal warrior)
 48349 | Depths:1 | Found a gateway to a ziggurat.
 48428 | Depths:1 | Found a gateway to Hell.
 48910 | Depths:1 | Learned a level 2 spell: Blink
 49148 | Depths:2 | Upgraded the game from 0.21-a0-421-gfc1ce30 to 0.21-a0-426-g98080a9
 49209 | Depths:2 | Received a gift from Yredelemnul (a skeletal warrior)
 49355 | Depths:2 | Reached skill level 20 in Maces & Flails
 49360 | Depths:2 | Reached skill level 1 in Dodging
 49509 | Depths:2 | Received a gift from Yredelemnul (a ghoul)
 49517 | Depths:2 | Found a transporter.
 49561 | Depths:2 | Reached skill level 2 in Dodging
 49627 | Depths:2 | Reached skill level 3 in Dodging
 49643 | Depths:2 | Reached XP level 22. HP: 137/178 MP: 24/29
 49643 | Depths:2 | Received a gift from Yredelemnul (a bone dragon)
 49735 | Depths:2 | Found Dun Uffu's Gadget Boutique.
 49877 | Depths:2 | Found Tiritute's Gadget Emporium.
 49877 | Depths:2 | Found Voanwe's Jewellery Boutique.
 49878 | Depths:2 | Found Afimaidghasa's Jewellery Boutique.
 50079 | Depths:2 | Reached skill level 4 in Dodging
 50094 | Depths:2 | Received a gift from Yredelemnul (a ghoul)
 50101 | Depths:2 | Got a faintly glowing copper ring
 50109 | Depths:2 | Found a transporter.
 50141 | Depths:2 | Identified Wiklue's Almanac of Dusty Moulding
 50231 | Depths:2 | Identified the cursed ring of Facsonku {rN+ AC-3 Int+4 Dex+4} (You took it off a vampire knight on level 2 of the Depths)
 50239 | Depths:3 | Noticed Xtahua
 50251 | Depths:3 | Killed Xtahua
 50287 | Depths:3 | Reached skill level 5 in Dodging
 50297 | Depths:3 | Received a gift from Yredelemnul (a flayed ghost)
 50393 | Depths:3 | Received a gift from Yredelemnul (a ghoul)
 50473 | Depths:3 | Reached skill level 6 in Dodging
 50670 | Depths:3 | Reached skill level 16 in Crossbows
 50814 | Depths:3 | Noticed a juggernaut
 50832 | Depths:3 | Killed a juggernaut
 50839 | Depths:3 | Received a gift from Yredelemnul (a phantasmal warrior)
 50850 | Depths:3 | Reached skill level 7 in Dodging
 50869 | Depths:3 | Killed Sojobo
 50912 | Depths:3 | --Heh, Killed Sojobo without even seeing him!
 50916 | Depths:3 | Found a one-way gate leading to the halls of Pandemonium.
 50986 | Depths:3 | Paralysed by a great orb of eyes for 6 turns
 51058 | Depths:3 | Noticed Frederick
 51069 | Depths:3 | Killed Frederick
 51232 | Depths:4 | Received a gift from Yredelemnul (a vampire knight)
 51483 | Depths:4 | Reached skill level 8 in Dodging
 51559 | Depths:4 | Received a gift from Yredelemnul (a vampire)
 51579 | Depths:4 | Found a one-way gate to the infinite horrors of the Abyss.
 51678 | Depths:4 | Noticed a caustic shrike
 51678 | Depths:4 | Killed a caustic shrike
 51703 | Depths:4 | Noticed a juggernaut
 51713 | Depths:4 | Noticed a caustic shrike
 51714 | Depths:4 | Killed a juggernaut
 51714 | Depths:4 | Reached skill level 9 in Dodging
 51719 | Depths:4 | Killed a caustic shrike
 51737 | Depths:4 | Reached skill level 17 in Crossbows
 51737 | Depths:4 | Received a gift from Yredelemnul (a phantasmal warrior)
 51743 | Depths:4 | Paralysed by a sphinx for 2 turns
 51758 | Depths:4 | Got a crude hat
 51765 | Depths:4 | Identified the +1 hat of Vampiric Thralls {-Cast rPois MR+ Dex+3} (You found it on level 4 of the Depths)
 51936 | Depths:4 | Received a gift from Yredelemnul (a profane servitor)
 52007 | Depths:4 | Gained mutation: You regenerate health from kills. [demonic ancestry]
 52007 | Depths:4 | Reached XP level 23. HP: 166/184 MP: 30/30
 52020 | Depths:4 | Received a gift from Yredelemnul (a bone dragon)
 52213 | Depths:4 | Reached skill level 10 in Dodging
 52304 | Depths:4 | Got a flickering diamond amulet
 52485 | Depths:4 | Identified the amulet "Qiestrik" {Faith Str+3} (You took it off a fire giant on level 4 of the Depths)
 52751 | Depths:5 | Entered Level 5 of the Depths
 52943 | Depths:5 | Received a gift from Yredelemnul (a ghoul)
 52971 | Depths:5 | Reached skill level 11 in Dodging
 53025 | Depths:5 | Found a gate to the Realm of Zot.
 53228 | Depths:5 | Found a sparkling altar of Nemelex Xobeh.
 53320 | Depths:5 | Found a glowing silver altar of Zin.
 53394 | Depths:5 | Reached skill level 18 in Crossbows
 53751 | Depths:5 | Received a gift from Yredelemnul (a skeletal warrior)
 54176 | Lair:1   | Learned a level 3 spell: Portal Projectile
 54180 | Lair:1   | Learned a level 3 spell: Regeneration
 54418 | Vaults:5 | Entered Level 5 of the Vaults
 54441 | Vaults:4 | Reached skill level 1 in Translocations
 54496 | Vaults:4 | Reached skill level 2 in Spellcasting
 54502 | Vaults:4 | Received a gift from Yredelemnul (a vampire knight)
 54505 | Vaults:4 | Reached skill level 3 in Hexes
 54538 | Vaults:5 | Reached skill level 2 in Translocations
 54545 | Vaults:5 | Received a gift from Yredelemnul (a profane servitor)
 54564 | Vaults:5 | Reached skill level 3 in Spellcasting
 54565 | Vaults:5 | Reached skill level 12 in Dodging
 54575 | Vaults:5 | Reached skill level 4 in Hexes
 54580 | Vaults:5 | Reached skill level 3 in Translocations
 54590 | Vaults:5 | Noticed an ancient lich
 54606 | Vaults:5 | Received a gift from Yredelemnul (a flayed ghost)
 54607 | Vaults:5 | Killed an ancient lich
 54623 | Vaults:5 | Reached skill level 4 in Spellcasting
 54647 | Vaults:5 | Reached skill level 5 in Hexes
 54653 | Vaults:5 | Reached skill level 4 in Translocations
 54653 | Vaults:5 | Reached XP level 24. HP: 185/191 MP: 29/30
 54788 | Vaults:5 | Received a gift from Yredelemnul (a vampire knight)
 55114 | Vaults:5 | Got a silver rune of Zot
 55237 | Vaults:5 | Reached skill level 5 in Spellcasting
 55249 | Vaults:5 | Reached skill level 6 in Hexes
 55249 | Vaults:5 | Reached skill level 5 in Translocations
 55402 | Vaults:5 | Learned a level 1 spell: Apportation
 55404 | Vaults:5 | Learned a level 1 spell: Summon Butterflies
 55556 | Vaults:4 | Identified a scroll of acquirement
 55709 | Vaults:5 | Identified the Compendium of Battle Magic
 56496 | Slime:1  | Entered Level 1 of the Pits of Slime
 56653 | Slime:3  | Reached skill level 6 in Spellcasting
 56931 | Slime:5  | Entered Level 5 of the Pits of Slime
 56949 | Slime:5  | Noticed Dissolution
 56957 | Slime:5  | Paralysed by a floating eye for 4 turns
 56959 | Slime:5  | Killed Dissolution
 56959 | Slime:5  | Reached skill level 7 in Hexes
 56959 | Slime:5  | Reached skill level 6 in Translocations
 56984 | Slime:5  | Noticed the Royal Jelly
 57339 | Slime:5  | Received a gift from Yredelemnul (a vampire)
 57479 | Slime:5  | Found a viscous altar of Jiyva.
 57560 | Slime:5  | Killed the Royal Jelly
 57591 | Slime:5  | Got a slimy rune of Zot
 57625 | Slime:5  | Got a twitching steel ring
 57652 | Slime:5  | Identified the ring of Mobror {rPois rC+ rN+ Int+4} (You found it on level 5 of the Pits of Slime)
 57731 | Slime:5  | Identified the +3 ring mail of Bietiss {rN+ rCorr Str+2} (You found it on level 5 of the Pits of Slime)
 58162 | Zot:1    | Entered Level 1 of the Realm of Zot
 58162 | Zot:1    | Found the +8 trident of the Octopus King {venom, rElec rPois MR+}
 58178 | Zot:1    | Reached skill level 7 in Spellcasting
 58210 | Zot:1    | Received a gift from Yredelemnul (a ghoul)
 58243 | Zot:1    | Reached skill level 8 in Hexes
 58269 | Zot:1    | Reached skill level 7 in Translocations
 58305 | Zot:1    | Reached skill level 19 in Armour
 58328 | Zot:1    | HP: 51/191 [golden dragon (30)]
 58336 | Zot:1    | HP: 24/191 [acid (6)]
 58362 | Zot:1    | HP: 42/191 [black draconian/battleaxe (9)]
 58370 | Zot:1    | HP: 38/191 [acid (4)]
 58379 | Zot:1    | HP: 37/191 [acid (4)]
 58384 | Zot:1    | HP: 38/191 [purple draconian monk (7)]
 58387 | Zot:1    | HP: 17/191 [red draconian/searing blast (4)]
 58399 | Zot:1    | HP: 33/191 [black draconian/bolt of lightning (6)]
 59267 | Zot:1    | Received a gift from Yredelemnul (a profane servitor)
 59358 | Zot:2    | Reached skill level 9 in Hexes
 59378 | Zot:2    | Gained mutation: You regenerate a lot of health from kills. [demonic ancestry]
 59378 | Zot:2    | Reached XP level 25. HP: 158/197 MP: 34/34
 59455 | Zot:2    | Reached skill level 8 in Spellcasting
 59519 | Zot:2    | Reached skill level 8 in Translocations
 59667 | Zot:2    | Found a burning altar of Makhleb.
 59862 | Zot:2    | Received a gift from Yredelemnul (a bone dragon)
 60416 | Zot:2    | Reached skill level 9 in Spellcasting
 60416 | Zot:2    | Reached skill level 10 in Hexes
 60467 | Zot:2    | Reached skill level 9 in Translocations
 60557 | Zot:2    | Identified the Volume of Fire and Brimstone
 60570 | Zot:2    | Identified the Almanac of the Zealot
 61358 | Zot:3    | Reached skill level 1 in Summonings
 61358 | Zot:3    | Reached skill level 1 in Necromancy
 61369 | Zot:3    | Reached skill level 1 in Charms
 61677 | Zot:3    | Reached skill level 2 in Necromancy
 61894 | Zot:3    | Reached skill level 2 in Summonings
 61986 | Zot:3    | Reached skill level 2 in Charms
 62044 | Zot:3    | Reached skill level 3 in Necromancy
 62044 | Zot:3    | Received a gift from Yredelemnul (a flayed ghost)
 62211 | Zot:3    | Reached skill level 3 in Summonings
 62310 | Zot:3    | Reached skill level 3 in Charms
 62337 | Zot:3    | Reached skill level 4 in Necromancy
 62341 | Zot:3    | Received a gift from Yredelemnul (a vampire)
 62554 | Zot:3    | HP: 38/197 [yellow draconian scorcher/damnation (29)]
 62557 | Zot:3    | HP: 12/197 [yellow draconian scorcher/damnation (26)]
 63035 | Zot:3    | Reached skill level 4 in Summonings
 63058 | Zot:3    | Reached skill level 10 in Spellcasting
 63140 | Zot:3    | Reached skill level 4 in Charms
 63144 | Zot:3    | Reached skill level 5 in Necromancy
 63287 | Zot:3    | Received a gift from Yredelemnul (a profane servitor)
 63346 | Zot:3    | Reached skill level 5 in Summonings
 63467 | Zot:3    | Gained mutation: You can hurl damnation. [demonic ancestry]
 63467 | Zot:3    | Reached XP level 26. HP: 205/205 MP: 37/37
 63776 | Zot:4    | Reached skill level 6 in Necromancy
 63896 | Zot:4    | Reached skill level 5 in Charms
 63909 | Zot:4    | Reached skill level 20 in Armour
 63968 | Zot:4    | Received a gift from Yredelemnul (a phantasmal warrior)
 64100 | Zot:4    | Reached skill level 6 in Summonings
 64213 | Zot:4    | HP: 39/205 [??? (25)]
 64214 | Zot:4    | Reached skill level 7 in Necromancy
 64343 | Zot:4    | Received a gift from Yredelemnul (a flayed ghost)
 64512 | Zot:4    | Reached skill level 6 in Charms
 64635 | Zot:4    | HP: 42/205 [red draconian knight/shard of ice (37)]
 64641 | Zot:4    | HP: 29/205 [poisoned by a green draconian annihilator (poison arrow)]
 64642 | Zot:4    | HP: 10/205 [red draconian knight/shard of ice (35)]
 64645 | Zot:4    | Reached skill level 11 in Spellcasting
 64647 | Zot:4    | Killed from afar by a green draconian annihilator

Vault maps used:
D:1:      matt_arrival_spirals
D:2:      minmay_tromino_v4_a, uniq_terence
D:3:      lemuel_doored_altar
D:4:      first_bread, grunt_ministairs_7, uniq_ijyb, uniq_eustachio
D:5:      kennysheep_mini, lemuel_crystal_altar,
          nicolae_ossuary_entry_catacombs, serial_glass, glass_columns_c,
          glass_columns_a, portal_sewer_entry_f
D:6:      overflow_temple_1_default, temple_statues
D:7:      makhleb_altar_promises_db, uniq_duvessa, uniq_crazy_yiuf_cottage
D:8:      xom_teletrap_fun
D:9:      okawaru_arena_lexackson, nicolae_qazlal_eye_of_the_storm
D:10:     serial_shops, shop, the_bakery, kennysheep_flooded_box
D:11:     lemuel_ice_spiral_2, dpeg_oklobed_lair, serial_park_tiny_2,
          uniq_nergalle, uniq_fannar, uniq_snorg
D:12:     minmay_orc_entry_temple_small, serial_ice, serial_ice_c, serial_ice_b,
          serial_ice_f, serial_ice_o, serial_ice_i, serial_ice_d, serial_ice_m,
          serial_shops, shop, uniq_erolcha
D:13:     kennysheep_generic_room_14
D:14:     david_vaults_2, serial_aquarium, aquarium_bridge_square,
          aquarium_window_1, aquarium_window_fake, aquarium_view_2c,
          aquarium_view_2f, aquarium_pool_1, grunt_decor_fettered,
          bh_walls_and_bars
D:15:     grunt_enter_depths_hoard, palyth_stone_intersect, special_room,
          lemuel_another_geyser
Temple:   eino_temple_rhombus
Lair:1:   minivault_24, grunt_megastairs_5, uniq_harold
Lair:2:   grunt_forest_stairs_basic, grunt_megastairs_2
Lair:3:   nicolae_volcano_entry_hallway, lab_entry_generic, serial_bayou_ford_a
Lair:4:   elwin_shoals_entry_rooms, spider_nest_entry_webs,
          minmay_lair_oklob_chamber
Lair:5:   nzn_motion_control, slime_altar_1
Lair:6:   minmay_lair_end_frog_pond, uniq_kirke
Shoals:1: lemuel_oklob_altar
Shoals:2: cheibrodos_shoals_satyrical_garden, serial_shops, shop_statue, shop,
          shop, overgrown_statue
Shoals:3: st_cyclops
Shoals:4: shoals_end_hangedman, shoals_ilsuiw_alternative,
          nicolae_shoals_arrival_archipelago, uniq_polyphemus
Spider:1: spider_trap, hive_lemuel, uniq_frances
Spider:2: hangedman_spider_tarantella_strand
Spider:4: grunt_spider_rune_island, nicolae_spider_ant_collections
Slime:4:  nicolae_slime_welcoming_committee
Slime:5:  uniq_dissolution
Orc:1:    nicolae_orc_sculptors_studio, uniq_maurice
Orc:2:    grunt_orc_community_town_hall, grunt_orc_community_big_house_2,
          grunt_orc_community_big_house_1, grunt_orc_community_house_2,
          grunt_orc_community_house_2, grunt_orc_community_house_3,
          grunt_orc_community_house_1, uniq_rupert
Elf:1:    serial_shops, shop, nicolae_shop_window_shopping,
          nicolae_shop_waterfront, hangedman_elven_crosses_minicolossus
Elf:2:    minmay_misc_feat_five, patterned_corridor
Elf:3:    minmay_elf_hall_curves, uniq_bai_suzhen, uniq_jorgrun, uniq_donald
Vaults:1: vaults_room_pools, nicolae_vaults_network_barrier, v_misc_16,
          nicolae_vaults_what_the_h, vaults_mumra_lcd,
          ontoclasm_vaults_misaligned, nicolae_vaults_circle_grid_b,
          ontoclasm_vaults_ring_small, hangedman_vaults_capsules,
          vaults_room_pool, st_more_cells
Vaults:2: ontoclasm_vaults_shout, minmay_crypt_entry_skeletal_spiral,
          grunt_vaults_hallway_short, hangedman_vaults_maws,
          hangedman_vaults_restitches, vaults_mumra_hex,
          nicolae_vaults_little_squares_4, uniq_saint_roka
Vaults:3: v_misc_23, ontoclasm_vaults_ring_large, grunt_vaults_hallway_short,
          vaults_room_hallway, hangedman_vaults_stitches, ontoclasm_vaults_eye,
          hangedman_vaults_slice, vaults_room_hallway, vaults_room_corners,
          nicolae_vaults_little_squares_6, vaults_room_fancy_cross,
          hangedman_vaults_nodes, hangedman_vaults_cutoff, vaults_room_octagon,
          nicolae_vaults_circle_grid_a, serial_shops, shop_fountains,
          nicolae_shop_behind_doors, shop, nicolae_shop_crystal,
          nicolae_shop_waterfront, uniq_jory
Vaults:4: nicolae_vaults_circle_grid_b, v_misc_29, vaults_room_large_hall,
          nicolae_vaults_inception_statues, vaults_mumra_hexcomb,
          ontoclasm_vaults_bender, hangedman_vaults_river_flow, v_misc_22,
          v_misc_16, nicolae_vaults_little_squares_2,
          nicolae_vaults_border_crossing, grunt_vaults_twisty, v_misc_2,
          serial_shops, nicolae_shop_statue_plus
Crypt:1:  grunt_crypt_arrival_split, roderic_lattice_octagonal_star
Crypt:3:  grunt_crypt_end_deaths_head
Depths:1: minmay_tri_stars, enter_ziggurat_f, dk_noncrumbling_4, hell_entry,
          minivault_22, minmay_serpent_palace
Depths:2: gammafunk_the_bubble, serial_shops, shop_coins, grunt_mini_vestibule,
          spider_trap, basic_stair_grate_trap, infiniplex_staircase_pool_2,
          minmay_shop_grove
Depths:3: minmay_concentric_multi, pf_hell_entry_tar_river, pan_entry,
          hangedman_decor_peaks_small, uniq_xtahua, uniq_sojobo, uniq_frederick
Depths:4: lemuel_castle_with_subvaults, abyss_entry,
          pf_vacation_house_of_asmodeus, grunt_pan_entry_spiral,
          nrook_mini_vaults, minmay_evil_grid, infiniplex_staircase_pool_1
Depths:5: evilmike_zot_entry_diamond, lemuel_crystal_altar,
          hangedman_coc_ice_floe, rand_demon_pan_entry_3, kennysheep_doodads,
          nemelex_altar_shiori
Zot:2:    nicolae_zot_draconian_monastery, st_stairs_3, lemuel_baited_zot_trap,
          st_small_dragon_hoard_2
Zot:3:    hangedman_snake_sidewinding
Zot:4:    kennysheep_room_grid
Lab:      nicolae_lab_dead_adventurers, lab_fountain,
          labyrinth_skeletal_remains, labyrinth_baited_teleportation_trap
Sewer:    sewer_sea

Skill      XL: |  1  2  3  4  5  6  7  8  9 10 11 12 13 14 15 16 17 18 19 20 21 22 23 24 25 26 |
---------------+-------------------------------------------------------------------------------+-----
Crossbows      | 2 3 4 5 7 8 10 12 14 15 17 18 | 18.1
Armour         | 3 7 10 12 13 15 16 17 18 19 20 | 20.1
Fighting       | 5 8 9 11 12 13 14 15 16 | 16.3
Invocations    | 5 9 10 | 10.1
Evocations     | 4 7 9 10 | 10.0
Maces & Flails | 2 5 8 10 12 14 17 20 | 20.0
Dodging        | 3 9 12 | 12.2
Translocations | 4 7 9 |  9.1
Spellcasting   | 4 7 10 11 | 11.0
Hexes          | 5 9 10 | 10.1
Summonings     | 5 6 |  6.7
Necromancy     | 5 7 |  7.4
Charms         | 4 6 |  6.1
Stealth        | |  1.0

Action                   |  1- 3 |  4- 6 |  7- 9 | 10-12 | 13-15 | 16-18 | 19-21 | 22-24 | 25-27 || total
-------------------------+-------+-------+-------+-------+-------+-------+-------+-------+-------++-------
Melee: Hand axe          |    91 |       |       |       |       |       |       |       |       ||    91
       Short sword       |     3 |   110 |   324 |   440 |   411 |       |       |       |       ||  1288
       Kick              |       |    21 |     8 |    93 |   333 |   291 |   346 |   505 |   212 ||  1809
       Great mace        |       |       |       |       |   317 |   706 |   856 |  1050 |   439 ||  3368
 Fire: Hand crossbow     |    17 |    50 |   101 |   207 |   133 |    27 |       |       |       ||   535
       Arbalest          |       |       |       |       |       |       |    79 |    74 |   329 ||   482
Throw: Stone             |       |       |     1 |       |       |       |       |       |       ||     1
       Javelin           |       |       |       |       |     2 |       |       |       |       ||     2
       Throwing net      |       |       |       |       |       |     1 |       |       |       ||     1
 Cast: Portal Projectile |       |       |       |       |       |       |       |     3 |    24 ||    27
       Blink             |       |       |       |       |       |       |       |       |     2 ||     2
       Regeneration      |       |       |       |       |       |       |       |       |     6 ||     6
Invok: Animate Remains   |       |       |     1 |     3 |       |       |       |       |       ||     4
       Injury Mirror     |       |       |       |     2 |       |       |     1 |     1 |       ||     4
       Animate Dead      |       |       |       |    12 |   100 |    94 |    51 |    59 |    30 ||   346
       Recall Undead Sla |       |       |       |     1 |    22 |    16 |    15 |    14 |     4 ||    72
       Enslave Soul      |       |       |       |       |     1 |       |       |       |       ||     1
       Drain Life        |       |       |       |       |       |       |     1 |     2 |     1 ||     4
 Abil: Evoke Flight      |       |       |       |       |     1 |    12 |       |       |       ||    13
       Evoke Invisibilit |       |       |       |       |       |     1 |       |       |       ||     1
Evoke: Wand              |       |       |     3 |    14 |     1 |       |     2 |       |       ||    20
       Phantom mirror    |       |       |       |       |       |       |       |     1 |       ||     1
  Use: Scroll            |     6 |     3 |     7 |    13 |     9 |     4 |     6 |    17 |     3 ||    68
       Potion            |       |       |     2 |     3 |       |       |     2 |     7 |     1 ||    15
 Stab: Distracted        |       |       |     1 |       |    20 |    21 |    15 |    35 |     4 ||    96
       Confused          |       |       |       |       |     1 |       |       |     1 |       ||     2
       Paralysed         |       |       |       |       |     4 |     3 |     1 |       |       ||     8
       Invisible         |       |       |       |       |       |     3 |       |       |       ||     3
  Eat: Chunk             |     2 |     8 |    15 |    23 |    50 |    58 |    42 |    33 |    20 ||   251
       Royal jelly       |       |       |     1 |     4 |     1 |       |     1 |     6 |     3 ||    16
       Bread ration      |       |       |       |       |     4 |       |       |       |       ||     4
       Meat ration       |       |       |       |       |       |     1 |     1 |     1 |       ||     3
Armor: Ring mail         |    58 |    45 |     6 |       |       |       |       |       |       ||   109
       Scale mail        |       |       |   214 |   421 |   140 |       |       |       |       ||   775
       Plate armour      |       |       |       |       |   668 |   928 |   881 |   780 |   427 ||  3684
Dodge: Dodged            |    64 |    55 |   133 |   178 |   313 |   351 |   395 |   900 |   494 ||  2883
       Deflected         |     1 |     4 |     2 |       |     6 |       |       |       |       ||    13
Block: Shield            |       |       |       |   349 |   117 |       |       |       |       ||   466

Table legend:
 A = Spawn XP
 B = Non-spawn XP
 C = Spawn XP percentage of total XP
 D = Spawn monster count
 E = Non-spawn monster count
 F = Spawn count percentage of total count
 G = Total turns spent on level
                    A         B        C        D         E        F      G
               +---------+---------+-------+---------+---------+-------+---------
         Total |       0 | 1390079 |   0.0 |       0 |    2822 |   0.0 | 64647
               +---------+---------+-------+---------+---------+-------+---------
           D:1 |       0 |      35 |   0.0 |       0 |      20 |   0.0 |   817
           D:2 |       0 |     106 |   0.0 |       0 |      14 |   0.0 |  1414
           D:3 |       0 |     280 |   0.0 |       0 |      36 |   0.0 |  1343
           D:4 |       0 |     591 |   0.0 |       0 |      16 |   0.0 |   910
           D:5 |       0 |     472 |   0.0 |       0 |      21 |   0.0 |   760
           D:6 |       0 |     492 |   0.0 |       0 |      13 |   0.0 |   700
           D:7 |       0 |    1264 |   0.0 |       0 |      21 |   0.0 |  1387
           D:8 |       0 |    1718 |   0.0 |       0 |      25 |   0.0 |  1421
           D:9 |       0 |    5244 |   0.0 |       0 |      35 |   0.0 |  1787
          D:10 |       0 |    5964 |   0.0 |       0 |      26 |   0.0 |  1498
          D:11 |       0 |    2792 |   0.0 |       0 |      10 |   0.0 |  2218
          D:12 |       0 |   10322 |   0.0 |       0 |      71 |   0.0 |  1996
          D:13 |       0 |    5285 |   0.0 |       0 |      19 |   0.0 |   852
          D:14 |       0 |   16710 |   0.0 |       0 |      53 |   0.0 |  1298
          D:15 |       0 |   14167 |   0.0 |       0 |      74 |   0.0 |  1039
        Lair:1 |       0 |    6766 |   0.0 |       0 |      23 |   0.0 |  1960
        Lair:2 |       0 |    9197 |   0.0 |       0 |      31 |   0.0 |  1069
        Lair:3 |       0 |    3387 |   0.0 |       0 |      26 |   0.0 |   952
        Lair:4 |       0 |    5783 |   0.0 |       0 |      29 |   0.0 |  2274
        Lair:5 |       0 |    5264 |   0.0 |       0 |      18 |   0.0 |  1163
        Lair:6 |       0 |   20738 |   0.0 |       0 |     105 |   0.0 |  1347
      Shoals:1 |       0 |    7290 |   0.0 |       0 |      24 |   0.0 |   577
      Shoals:2 |       0 |    9638 |   0.0 |       0 |      32 |   0.0 |   633
      Shoals:3 |       0 |   11556 |   0.0 |       0 |      34 |   0.0 |   520
      Shoals:4 |       0 |   24977 |   0.0 |       0 |      57 |   0.0 |   791
      Spider:1 |       0 |   20132 |   0.0 |       0 |      89 |   0.0 |   944
      Spider:2 |       0 |    9135 |   0.0 |       0 |      34 |   0.0 |   683
      Spider:3 |       0 |    3282 |   0.0 |       0 |       9 |   0.0 |   617
      Spider:4 |       0 |   31214 |   0.0 |       0 |      97 |   0.0 |   971
       Slime:1 |       0 |    1494 |   0.0 |       0 |       6 |   0.0 |   116
       Slime:2 |       0 |    2086 |   0.0 |       0 |       9 |   0.0 |    59
       Slime:3 |       0 |   10165 |   0.0 |       0 |      22 |   0.0 |    86
       Slime:5 |       0 |   42292 |   0.0 |       0 |      31 |   0.0 |   839
         Orc:1 |       0 |     690 |   0.0 |       0 |      20 |   0.0 |   511
         Orc:2 |       0 |   10407 |   0.0 |       0 |      86 |   0.0 |   973
         Elf:1 |       0 |   15154 |   0.0 |       0 |      38 |   0.0 |   806
         Elf:2 |       0 |   32372 |   0.0 |       0 |      63 |   0.0 |  1238
         Elf:3 |       0 |   60465 |   0.0 |       0 |      80 |   0.0 |  1488
      Vaults:1 |       0 |   28532 |   0.0 |       0 |      63 |   0.0 |  1822
      Vaults:2 |       0 |   60988 |   0.0 |       0 |     146 |   0.0 |  1690
      Vaults:3 |       0 |   34179 |   0.0 |       0 |      74 |   0.0 |  1538
      Vaults:4 |       0 |   61662 |   0.0 |       0 |     111 |   0.0 |  1413
      Vaults:5 |       0 |   99121 |   0.0 |       0 |     104 |   0.0 |  1579
       Crypt:1 |       0 |    8862 |   0.0 |       0 |      31 |   0.0 |   585
       Crypt:2 |       0 |   16716 |   0.0 |       0 |      34 |   0.0 |   710
       Crypt:3 |       0 |   58889 |   0.0 |       0 |     120 |   0.0 |   890
      Depths:1 |       0 |   55787 |   0.0 |       0 |     110 |   0.0 |  1732
      Depths:2 |       0 |   55131 |   0.0 |       0 |      95 |   0.0 |  1538
      Depths:3 |       0 |   60380 |   0.0 |       0 |      83 |   0.0 |  1150
      Depths:4 |       0 |   85491 |   0.0 |       0 |     119 |   0.0 |  1312
      Depths:5 |       0 |   68788 |   0.0 |       0 |      79 |   0.0 |  1869
         Zot:1 |       0 |   33768 |   0.0 |       0 |      24 |   0.0 |   635
         Zot:2 |       0 |   85598 |   0.0 |       0 |      61 |   0.0 |  2440
         Zot:3 |       0 |   95266 |   0.0 |       0 |      63 |   0.0 |  1421
         Zot:4 |       0 |   69763 |   0.0 |       0 |      39 |   0.0 |   915
           Lab |       0 |    1856 |   0.0 |       0 |       5 |   0.0 |   785
         Sewer |       0 |     376 |   0.0 |       0 |      44 |   0.0 |   386
               +---------+---------+-------+---------+---------+-------+---------

Table legend:
 A = Turns spent in this place as a percentage of turns spent in the entire game.
 B = Non-inter-level travel turns spent in this place as a percentage of non-inter-level travel turns spent in the entire game.
 C = Inter-level travel turns spent in this place as a percentage of turns spent in this place.
 D = Turns resting spent in this place as a percentage of non-inter-level travel turns spent in this place.
 E = Turns spent auto-exploring this place as a percentage of non-inter-level travel turns spent in this place.
 F = Non-inter-level travel turns spent in this place divided by the number of levels of this place that you've seen.
                   A       B       C       D       E      F
               +-------+-------+-------+-------+-------+----------------------
         Total | 100.0 | 100.0 |  12.2 |  13.3 |  41.6 | 962.2
       Dungeon |  30.1 |  28.8 |  16.0 |  19.3 |  42.4 | 1088.5
        Temple |   0.2 |   0.2 |  11.4 |   0.0 |  97.9 | 140.0
          Lair |  13.6 |  12.8 |  17.3 |  19.7 |  38.9 | 1208.2
        Shoals |   3.9 |   4.0 |  10.0 |   0.2 |  52.9 | 567.0
   Spider Nest |   5.0 |   5.2 |   7.9 |   0.0 |  61.1 | 740.2
    Slime Pits |   1.7 |   1.8 |   7.6 |  22.3 |   0.0 | 207.4
  Orcish Mines |   2.3 |   2.3 |  11.1 |   0.0 |  63.6 | 660.0
   Elven Halls |   5.5 |   6.0 |   4.2 |   8.7 |  49.5 | 1127.3
        Vaults |  12.4 |  12.6 |  11.0 |   8.9 |  45.0 | 1431.8
         Crypt |   3.4 |   3.5 |   9.5 |   0.4 |  43.5 | 659.3
        Depths |  11.8 |  11.6 |  13.2 |   9.5 |  42.7 | 1319.6
           Zot |   8.4 |   9.1 |   4.2 |  19.3 |  25.1 | 1295.5
     Labyrinth |   1.2 |   1.4 |   0.0 |  23.1 |   0.0 | 785.0
         Sewer |   0.6 |   0.7 |   0.0 |   0.0 |   0.0 | 386.0
               +-------+-------+-------+-------+-------+----------------------

Vault maps used:
D:1:      matt_arrival_spirals
D:2:      minmay_tromino_v4_a, uniq_terence
D:3:      lemuel_doored_altar
D:4:      first_bread, grunt_ministairs_7, uniq_ijyb, uniq_eustachio
D:5:      kennysheep_mini, lemuel_crystal_altar,
          nicolae_ossuary_entry_catacombs, serial_glass, glass_columns_c,
          glass_columns_a, portal_sewer_entry_f
D:6:      overflow_temple_1_default, temple_statues
D:7:      makhleb_altar_promises_db, uniq_duvessa, uniq_crazy_yiuf_cottage
D:8:      xom_teletrap_fun
D:9:      okawaru_arena_lexackson, nicolae_qazlal_eye_of_the_storm
D:10:     serial_shops, shop, the_bakery, kennysheep_flooded_box
D:11:     lemuel_ice_spiral_2, dpeg_oklobed_lair, serial_park_tiny_2,
          uniq_nergalle, uniq_fannar, uniq_snorg
D:12:     minmay_orc_entry_temple_small, serial_ice, serial_ice_c, serial_ice_b,
          serial_ice_f, serial_ice_o, serial_ice_i, serial_ice_d, serial_ice_m,
          serial_shops, shop, uniq_erolcha
D:13:     kennysheep_generic_room_14
D:14:     david_vaults_2, serial_aquarium, aquarium_bridge_square,
          aquarium_window_1, aquarium_window_fake, aquarium_view_2c,
          aquarium_view_2f, aquarium_pool_1, grunt_decor_fettered,
          bh_walls_and_bars
D:15:     grunt_enter_depths_hoard, palyth_stone_intersect, special_room,
          lemuel_another_geyser
Temple:   eino_temple_rhombus
Lair:1:   minivault_24, grunt_megastairs_5, uniq_harold
Lair:2:   grunt_forest_stairs_basic, grunt_megastairs_2
Lair:3:   nicolae_volcano_entry_hallway, lab_entry_generic, serial_bayou_ford_a
Lair:4:   elwin_shoals_entry_rooms, spider_nest_entry_webs,
          minmay_lair_oklob_chamber
Lair:5:   nzn_motion_control, slime_altar_1
Lair:6:   minmay_lair_end_frog_pond, uniq_kirke
Shoals:1: lemuel_oklob_altar
Shoals:2: cheibrodos_shoals_satyrical_garden, serial_shops, shop_statue, shop,
          shop, overgrown_statue
Shoals:3: st_cyclops
Shoals:4: shoals_end_hangedman, shoals_ilsuiw_alternative,
          nicolae_shoals_arrival_archipelago, uniq_polyphemus
Spider:1: spider_trap, hive_lemuel, uniq_frances
Spider:2: hangedman_spider_tarantella_strand
Spider:4: grunt_spider_rune_island, nicolae_spider_ant_collections
Slime:4:  nicolae_slime_welcoming_committee
Slime:5:  uniq_dissolution
Orc:1:    nicolae_orc_sculptors_studio, uniq_maurice
Orc:2:    grunt_orc_community_town_hall, grunt_orc_community_big_house_2,
          grunt_orc_community_big_house_1, grunt_orc_community_house_2,
          grunt_orc_community_house_2, grunt_orc_community_house_3,
          grunt_orc_community_house_1, uniq_rupert
Elf:1:    serial_shops, shop, nicolae_shop_window_shopping,
          nicolae_shop_waterfront, hangedman_elven_crosses_minicolossus
Elf:2:    minmay_misc_feat_five, patterned_corridor
Elf:3:    minmay_elf_hall_curves, uniq_bai_suzhen, uniq_jorgrun, uniq_donald
Vaults:1: vaults_room_pools, nicolae_vaults_network_barrier, v_misc_16,
          nicolae_vaults_what_the_h, vaults_mumra_lcd,
          ontoclasm_vaults_misaligned, nicolae_vaults_circle_grid_b,
          ontoclasm_vaults_ring_small, hangedman_vaults_capsules,
          vaults_room_pool, st_more_cells
Vaults:2: ontoclasm_vaults_shout, minmay_crypt_entry_skeletal_spiral,
          grunt_vaults_hallway_short, hangedman_vaults_maws,
          hangedman_vaults_restitches, vaults_mumra_hex,
          nicolae_vaults_little_squares_4, uniq_saint_roka
Vaults:3: v_misc_23, ontoclasm_vaults_ring_large, grunt_vaults_hallway_short,
          vaults_room_hallway, hangedman_vaults_stitches, ontoclasm_vaults_eye,
          hangedman_vaults_slice, vaults_room_hallway, vaults_room_corners,
          nicolae_vaults_little_squares_6, vaults_room_fancy_cross,
          hangedman_vaults_nodes, hangedman_vaults_cutoff, vaults_room_octagon,
          nicolae_vaults_circle_grid_a, serial_shops, shop_fountains,
          nicolae_shop_behind_doors, shop, nicolae_shop_crystal,
          nicolae_shop_waterfront, uniq_jory
Vaults:4: nicolae_vaults_circle_grid_b, v_misc_29, vaults_room_large_hall,
          nicolae_vaults_inception_statues, vaults_mumra_hexcomb,
          ontoclasm_vaults_bender, hangedman_vaults_river_flow, v_misc_22,
          v_misc_16, nicolae_vaults_little_squares_2,
          nicolae_vaults_border_crossing, grunt_vaults_twisty, v_misc_2,
          serial_shops, nicolae_shop_statue_plus
Crypt:1:  grunt_crypt_arrival_split, roderic_lattice_octagonal_star
Crypt:3:  grunt_crypt_end_deaths_head
Depths:1: minmay_tri_stars, enter_ziggurat_f, dk_noncrumbling_4, hell_entry,
          minivault_22, minmay_serpent_palace
Depths:2: gammafunk_the_bubble, serial_shops, shop_coins, grunt_mini_vestibule,
          spider_trap, basic_stair_grate_trap, infiniplex_staircase_pool_2,
          minmay_shop_grove
Depths:3: minmay_concentric_multi, pf_hell_entry_tar_river, pan_entry,
          hangedman_decor_peaks_small, uniq_xtahua, uniq_sojobo, uniq_frederick
Depths:4: lemuel_castle_with_subvaults, abyss_entry,
          pf_vacation_house_of_asmodeus, grunt_pan_entry_spiral,
          nrook_mini_vaults, minmay_evil_grid, infiniplex_staircase_pool_1
Depths:5: evilmike_zot_entry_diamond, lemuel_crystal_altar,
          hangedman_coc_ice_floe, rand_demon_pan_entry_3, kennysheep_doodads,
          nemelex_altar_shiori
Zot:2:    nicolae_zot_draconian_monastery, st_stairs_3, lemuel_baited_zot_trap,
          st_small_dragon_hoard_2
Zot:3:    hangedman_snake_sidewinding
Zot:4:    kennysheep_room_grid
Lab:      nicolae_lab_dead_adventurers, lab_fountain,
          labyrinth_skeletal_remains, labyrinth_baited_teleportation_trap
Sewer:    sewer_sea
